Workbook

Sheet RESUMO PROPOSTA MAIS VANTAJOSA
C1: PREFEITURA MUNICIPAL DE GOIANA
C2: SECRETARIA DE DESENVOLVIMENTO URBANO E OBRAS
A3: CONTRATAÇÃO DE EMPRESA ESPECIALIZADA EM ENGENHARIA PARA EXECUÇÃO DE MURETAS PARA CONTENÇÃO E ISOLAMENTO DO RESERVATÓRIO DE ÁGUA DO POVOADO DE SÃO LOURENÇO, DISTRITO DE GOIANA/PE.
A4: BDI PARA CONSTRUÇÃO (NÃO DESONERADA) | J4: 0.1858
A5: BDI PARA CONSTRUÇÃO (DESONERADA) | J5: 0.2207
A6: RESUMO DA PROPOSTA MAIS VANTAJOSA
A7: 1.0 | B7: PLANILHA DE QUANTITATIVOS E ESTIMATIVA DE PREÇOS - DESONERADA | H7: VALOR DA PROPOSTA | J7: 546223.24
H8: quinhentos e quarenta e seis mil, duzentos e vinte e três reais e vinte e quatro centavos.
A9: 2.0 | B9: PLANILHA DE QUANTITATIVOS E ESTIMATIVA DE PREÇOS - NÃO DESONERADA | H9: VALOR DA PROPOSTA | J9: 544770.29 | K9: =J7-J9 -> 1452.95
H10: quinhentos e quarenta e quatro mil, setecentos e setenta reais e vinte e nove centavos.
A11: FOI ESCOLHIDO O ORÇAMENTO UTILIZANDO AS TABELAS DE REFERÊNCIA NÃO DESONERADA POR APRESENTAR VALOR GLOBAL MAIS VANTAJOSOS PARA O MUNICÍPIO. PROPORCIONANDO UMA ECONOMIA DE R$ 1.452,95.

Sheet Orçamento NÃO DESONERADO (2)
D1: Obra | E1: Bancos | G1: B.D.I. | I1: Encargos Sociais
D2: CONTRATAÇÃO DE EMPRESA ESPECIALIZADA EM ENGENHARIA PARA EXECUÇÃO DE MURETAS PARA CONTENÇÃO E ISOLAMENTO DO RESERVATÓRIO DE ÁGUA DO POVOADO DE SÃO LOURENÇO, DISTRITO DE GOIANA/PE. | E2: SINAPI - 04/2026 - Pernambuco ORSE - 02/2026 - Sergipe SEINFRA - 028 - Ceará | G2: 18,58% | I2: Não Desonerado: embutido nos preços unitário dos insumos de mão de obra, de acordo com as bases.
A3: Orçamento Sintético Não Desonerado
A4: Item | B4: Código | C4: Banco | D4: Descrição | E4: Und | F4: Quant. | G4: Valor Unit | H4: Valor Unit com BDI | I4: Total | J4: Peso (%)
A5: 1 | D5: ADMINISTRAÇÃO LOCAL | I5: =I6+I7 -> 42375.87 | J5: =I5/$H$141 -> 0.077786676
A6: 1.1 | B6: 90777 | C6: SINAPI | D6: ENGENHEIRO CIVIL DE OBRA JUNIOR COM ENCARGOS COMPLEMENTARES | E6: H | F6: 44.88 | G6: 141.74 | H6: 168.07 | I6: =TRUNC(H6*F6,2) -> 7542.98
A7: 1.2 | B7: 90776 | C7: SINAPI | D7: ENCARREGADO GERAL COM ENCARGOS COMPLEMENTARES | E7: H | F7: 672.32 | G7: 43.7 | H7: 51.81 | I7: =TRUNC(H7*F7,2) -> 34832.89
A8: 2 | D8: SERVIÇOS PRELIMINARES | I8: =SUM(I9:I20) -> 100959.88 | J8: =I8/$H$141 -> 0.1853256
A9: 2.1 | B9: 103689 | C9: SINAPI | D9: FORNECIMENTO E INSTALAÇÃO DE PLACA DE OBRA COM CHAPA GALVANIZADA E ESTRUTURA DE MADEIRA. AF_03/2022_PS | E9: m² | F9: 6 | G9: 502.34 | H9: 595.67 | I9: =TRUNC(H9*F9,2) -> 3574.02
A10: 2.2 | B10: 98525 | C10: SINAPI | D10: LIMPEZA MECANIZADA DE CAMADA VEGETAL, VEGETAÇÃO E PEQUENAS ÁRVORES (DIÂMETRO DE TRONCO MENOR QUE 0,20 M), COM TRATOR DE ESTEIRAS. AF_03/2024 | E10: m² | F10: 1041 | G10: 0.7 | H10: 0.83 | I10: =TRUNC(H10*F10,2) -> 864.03
A11: 2.3 | B11: 97622 | C11: SINAPI | D11: DEMOLIÇÃO DE ALVENARIA DE BLOCO FURADO, DE FORMA MANUAL, SEM REAPROVEITAMENTO. AF_09/2023 | E11: m³ | F11: 19.61 | G11: 63.85 | H11: 75.71 | I11: =TRUNC(H11*F11,2) -> 1484.67
A12: 2.4 | B12: 100981 | C12: SINAPI | D12: CARGA, MANOBRA E DESCARGA DE ENTULHO EM CAMINHÃO BASCULANTE 6 M³ - CARGA COM ESCAVADEIRA HIDRÁULICA (CAÇAMBA DE 0,80 M³ / 111 HP) E DESCARGA LIVRE (UNIDADE: M3). AF_02/2026 | E12: m³ | F12: 19.61 | G12: 10.23 | H12: 12.13 | I12: =TRUNC(H12*F12,2) -> 237.86
A13: 2.5 | B13: 90781 | C13: SINAPI | D13: TOPOGRAFO COM ENCARGOS COMPLEMENTARES | E13: H | F13: 176 | G13: 37.34 | H13: 44.27 | I13: =TRUNC(H13*F13,2) -> 7791.52
A14: 2.6 | B14: 88253 | C14: SINAPI | D14: AUXILIAR DE TOPÓGRAFO COM ENCARGOS COMPLEMENTARES | E14: H | F14: 176 | G14: 19.92 | H14: 23.62 | I14: =TRUNC(H14*F14,2) -> 4157.12
A15: 2.7 | B15: 99059 | C15: SINAPI | D15: LOCAÇÃO CONVENCIONAL DE OBRA, UTILIZANDO GABARITO DE TÁBUAS CORRIDAS PONTALETADAS A CADA 2,00M - 2 UTILIZAÇÕES. AF_03/2024 | E15: M | F15: 177.55 | G15: 71.78 | H15: 85.11 | I15: =TRUNC(H15*F15,2) -> 15111.28
A16: 2.8 | B16: 98459 | C16: SINAPI | D16: TAPUME COM TELHA METÁLICA. AF_03/2024 | E16: m² | F16: 339.13 | G16: 100.2 | H16: 118.81 | I16: =TRUNC(H16*F16,2) -> 40292.03
A17: 2.9 | B17: C0002 | C17: SEINFRA | D17: ABRIGO PROVISÓRIO C/1 PAVIMENTO P/ALOJAMENTO E DEPÓSITO | E17: m² | F17: 16 | G17: 1070.19 | H17: 1269.03 | I17: =TRUNC(H17*F17,2) -> 20304.48
A18: 2.10 | B18: C5208 | C18: SEINFRA | D18: LOCAÇÃO DE BANHEIRO QUÍMICO - INCLUSO TRANSPORTE, INSTALAÇÃO E MANUTENÇÃO | E18: UNXMÊS | F18: 4 | G18: 950 | H18: 1126.51 | I18: =TRUNC(H18*F18,2) -> 4506.04
A19: 2.11 | B19: C2850 | C19: SEINFRA | D19: INSTALAÇÕES PROVISÓRIAS DE LUZ , FORÇA,TELEFONE E LÓGICA | E19: UN | F19: 1 | G19: 1676.69 | H19: 1988.21 | I19: =TRUNC(H19*F19,2) -> 1988.21
A20: 2.12 | B20: C3442 | C20: SEINFRA | D20: CAIXA D´ÁGUA EM FYBERGLASS - CAP. 1000L | E20: UN | F20: 1 | G20: 546.99 | H20: 648.62 | I20: =TRUNC(H20*F20,2) -> 648.62
A21: 3 | D21: MURETA 1 | I21: =SUM(I22:I30) -> 44835.83 | J21: =I21/$H$141 -> 0.082302267
A22: 3.1 | B22: 96527 | C22: SINAPI | D22: ESCAVAÇÃO MANUAL PARA VIGA BALDRAME OU SAPATA CORRIDA (INCLUINDO ESCAVAÇÃO PARA COLOCAÇÃO DE FÔRMAS). AF_01/2024 | E22: m³ | F22: 25.99 | G22: 115.32 | H22: 136.74 | I22: =TRUNC(H22*F22,2) -> 3553.87
A23: 3.2 | B23: 96619 | C23: SINAPI | D23: LASTRO DE CONCRETO MAGRO, APLICADO EM BLOCOS DE COROAMENTO OU SAPATAS, ESPESSURA DE 5 CM. AF_01/2024 | E23: m² | F23: 13.2 | G23: 44.44 | H23: 52.69 | I23: =TRUNC(H23*F23,2) -> 695.5
A24: 3.3 | B24: 96532 | C24: SINAPI | D24: FABRICAÇÃO, MONTAGEM E DESMONTAGEM DE FÔRMA PARA SAPATA, EM MADEIRA SERRADA, E=25 MM, 2 UTILIZAÇÕES. AF_01/2024 | E24: m² | F24: 52.8 | G24: 201.39 | H24: 238.8 | I24: =TRUNC(H24*F24,2) -> 12608.64
A25: 3.4 | B25: 104916 | C25: SINAPI | D25: ARMAÇÃO DE SAPATA ISOLADA, VIGA BALDRAME E SAPATA CORRIDA UTILIZANDO AÇO CA-60 DE 5 MM - MONTAGEM. AF_01/2024 | E25: KG | F25: 80.26 | G25: 16.77 | H25: 19.88 | I25: =TRUNC(H25*F25,2) -> 1595.56
A26: 3.5 | B26: 104919 | C26: SINAPI | D26: ARMAÇÃO DE SAPATA ISOLADA, VIGA BALDRAME E SAPATA CORRIDA UTILIZANDO AÇO CA-50 DE 10 MM - MONTAGEM. AF_01/2024 | E26: KG | F26: 166.32 | G26: 12.38 | H26: 14.68 | I26: =TRUNC(H26*F26,2) -> 2441.57
A27: 3.6 | B27: 96557 | C27: SINAPI | D27: CONCRETAGEM DE BLOCO DE COROAMENTO OU VIGA BALDRAME, FCK 30 MPA, COM USO DE BOMBA - LANÇAMENTO, ADENSAMENTO E ACABAMENTO. AF_01/2024 | E27: m³ | F27: 5.28 | G27: 800.44 | H27: 949.16 | I27: =TRUNC(H27*F27,2) -> 5011.56
A28: 3.7 | B28: 98557 | C28: SINAPI | D28: IMPERMEABILIZAÇÃO DE SUPERFÍCIE COM EMULSÃO ASFÁLTICA, 2 DEMÃOS. AF_09/2023 | E28: m² | F28: 66 | G28: 46.95 | H28: 55.67 | I28: =TRUNC(H28*F28,2) -> 3674.22
A29: 3.8 | B29: 102362 | C29: SINAPI | D29: ALAMBRADO PARA QUADRA POLIESPORTIVA, ESTRUTURADO POR TUBOS DE AÇO GALVANIZADO, (MONTANTES COM DIÂMETRO 2", TRAVESSAS E ESCORAS COM DIÂMETRO 1 ¼"), COM TELA DE ARAME GALVANIZADO, FIO 14 BWG E MALHA QUADRADA 5X5CM (EXCETO MURETA). AF_12/2025 | E29: m² | F29: 66 | G29: 142.21 | H29: 168.63 | I29: =TRUNC(H29*F29,2) -> 11129.58
A30: 3.9 | B30: 89470 | C30: SINAPI | D30: ALVENARIA DE BLOCOS DE CONCRETO ESTRUTURAL 14X19X39 CM (ESPESSURA 14 CM), FBK = 4,5 MPA, UTILIZANDO COLHER DE PEDREIRO. AF_10/2022 | E30: m² | F30: 33 | G30: 105.43 | H30: 125.01 | I30: =TRUNC(H30*F30,2) -> 4125.33
A31: 4 | D31: MURETA 2 | I31: =SUM(I32:I41) -> 25481.2 | J31: =I31/$H$141 -> 0.04677421
A32: 4.1 | B32: 96527 | C32: SINAPI | D32: ESCAVAÇÃO MANUAL PARA VIGA BALDRAME OU SAPATA CORRIDA (INCLUINDO ESCAVAÇÃO PARA COLOCAÇÃO DE FÔRMAS). AF_01/2024 | E32: m³ | F32: 14.38 | G32: 115.32 | H32: 136.74 | I32: =TRUNC(H32*F32,2) -> 1966.32
A33: 4.2 | B33: 96619 | C33: SINAPI | D33: LASTRO DE CONCRETO MAGRO, APLICADO EM BLOCOS DE COROAMENTO OU SAPATAS, ESPESSURA DE 5 CM. AF_01/2024 | E33: m² | F33: 7.3 | G33: 44.44 | H33: 52.69 | I33: =TRUNC(H33*F33,2) -> 384.63
A34: 4.3 | B34: 96532 | C34: SINAPI | D34: FABRICAÇÃO, MONTAGEM E DESMONTAGEM DE FÔRMA PARA SAPATA, EM MADEIRA SERRADA, E=25 MM, 2 UTILIZAÇÕES. AF_01/2024 | E34: m² | F34: 29.2 | G34: 201.39 | H34: 238.8 | I34: =TRUNC(H34*F34,2) -> 6972.96
A35: 4.4 | B35: 104916 | C35: SINAPI | D35: ARMAÇÃO DE SAPATA ISOLADA, VIGA BALDRAME E SAPATA CORRIDA UTILIZANDO AÇO CA-60 DE 5 MM - MONTAGEM. AF_01/2024 | E35: KG | F35: 44.38 | G35: 16.77 | H35: 19.88 | I35: =TRUNC(H35*F35,2) -> 882.27
A36: 4.5 | B36: 104919 | C36: SINAPI | D36: ARMAÇÃO DE SAPATA ISOLADA, VIGA BALDRAME E SAPATA CORRIDA UTILIZANDO AÇO CA-50 DE 10 MM - MONTAGEM. AF_01/2024 | E36: KG | F36: 91.98 | G36: 12.38 | H36: 14.68 | I36: =TRUNC(H36*F36,2) -> 1350.26
A37: 4.6 | B37: 96557 | C37: SINAPI | D37: CONCRETAGEM DE BLOCO DE COROAMENTO OU VIGA BALDRAME, FCK 30 MPA, COM USO DE BOMBA - LANÇAMENTO, ADENSAMENTO E ACABAMENTO. AF_01/2024 | E37: m³ | F37: 2.92 | G37: 800.44 | H37: 949.16 | I37: =TRUNC(H37*F37,2) -> 2771.54
A38: 4.7 | B38: 98557 | C38: SINAPI | D38: IMPERMEABILIZAÇÃO DE SUPERFÍCIE COM EMULSÃO ASFÁLTICA, 2 DEMÃOS. AF_09/2023 | E38: m² | F38: 36.5 | G38: 46.95 | H38: 55.67 | I38: =TRUNC(H38*F38,2) -> 2031.95
A39: 4.8 | B39: 102362 | C39: SINAPI | D39: ALAMBRADO PARA QUADRA POLIESPORTIVA, ESTRUTURADO POR TUBOS DE AÇO GALVANIZADO, (MONTANTES COM DIÂMETRO 2", TRAVESSAS E ESCORAS COM DIÂMETRO 1 ¼"), COM TELA DE ARAME GALVANIZADO, FIO 14 BWG E MALHA QUADRADA 5X5CM (EXCETO MURETA). AF_12/2025 | E39: m² | F39: 36.5 | G39: 142.21 | H39: 168.63 | I39: =TRUNC(H39*F39,2) -> 6154.99
A40: 4.9 | B40: 89470 | C40: SINAPI | D40: ALVENARIA DE BLOCOS DE CONCRETO ESTRUTURAL 14X19X39 CM (ESPESSURA 14 CM), FBK = 4,5 MPA, UTILIZANDO COLHER DE PEDREIRO. AF_10/2022 | E40: m² | F40: 18.25 | G40: 105.43 | H40: 125.01 | I40: =TRUNC(H40*F40,2) -> 2281.43
A41: 4.10 | B41: 106458 | C41: SINAPI | D41: CERCA COM MOURÕES DE CONCRETO, RETO, H=3,00 M, ESPAÇAMENTO DE 2,5 M, CRAVADOS 0,5 M, COM 4 FIOS DE ARAME FARPADO Nº 14 OU 16 CLASSE 250 - FORNECIMENTO E INSTALAÇÃO. AF_12/2025 | E41: M | F41: 9.5 | G41: 60.8 | H41: 72.09 | I41: =TRUNC(H41*F41,2) -> 684.85
A42: 5 | D42: MURETA 3 | I42: =SUM(I43:I55) -> 146486.67 | J42: =I42/$H$141 -> 0.26889622
A43: 5.1 | B43: 96527 | C43: SINAPI | D43: ESCAVAÇÃO MANUAL PARA VIGA BALDRAME OU SAPATA CORRIDA (INCLUINDO ESCAVAÇÃO PARA COLOCAÇÃO DE FÔRMAS). AF_01/2024 | E43: m³ | F43: 127.15 | G43: 115.32 | H43: 136.74 | I43: =TRUNC(H43*F43,2) -> 17386.49
A44: 5.2 | B44: 96619 | C44: SINAPI | D44: LASTRO DE CONCRETO MAGRO, APLICADO EM BLOCOS DE COROAMENTO OU SAPATAS, ESPESSURA DE 5 CM. AF_01/2024 | E44: m² | F44: 136.2 | G44: 44.44 | H44: 52.69 | I44: =TRUNC(H44*F44,2) -> 7176.37
A45: 5.3 | B45: 96532 | C45: SINAPI | D45: FABRICAÇÃO, MONTAGEM E DESMONTAGEM DE FÔRMA PARA SAPATA, EM MADEIRA SERRADA, E=25 MM, 2 UTILIZAÇÕES. AF_01/2024 | E45: m² | F45: 114.84 | G45: 201.39 | H45: 238.8 | I45: =TRUNC(H45*F45,2) -> 27423.79
A46: 5.4 | B46: 104916 | C46: SINAPI | D46: ARMAÇÃO DE SAPATA ISOLADA, VIGA BALDRAME E SAPATA CORRIDA UTILIZANDO AÇO CA-60 DE 5 MM - MONTAGEM. AF_01/2024 | E46: KG | F46: 58.19 | G46: 16.77 | H46: 19.88 | I46: =TRUNC(H46*F46,2) -> 1156.81
A47: 5.5 | B47: 104919 | C47: SINAPI | D47: ARMAÇÃO DE SAPATA ISOLADA, VIGA BALDRAME E SAPATA CORRIDA UTILIZANDO AÇO CA-50 DE 10 MM - MONTAGEM. AF_01/2024 | E47: KG | F47: 165 | G47: 12.38 | H47: 14.68 | I47: =TRUNC(H47*F47,2) -> 2422.2
A48: 5.6 | B48: 104924 | C48: SINAPI | D48: CONCRETAGEM DE SAPATA CORRIDA, FCK 30 MPA, COM USO DE BOMBA - LANÇAMENTO, ADENSAMENTO E ACABAMENTO. AF_01/2024 | E48: m³ | F48: 57.42 | G48: 826.51 | H48: 980.07 | I48: =TRUNC(H48*F48,2) -> 56275.61
A49: 5.7 | B49: 98557 | C49: SINAPI | D49: IMPERMEABILIZAÇÃO DE SUPERFÍCIE COM EMULSÃO ASFÁLTICA, 2 DEMÃOS. AF_09/2023 | E49: m² | F49: 162.69 | G49: 46.95 | H49: 55.67 | I49: =TRUNC(H49*F49,2) -> 9056.95
A50: 5.8 | B50: 97102 | C50: SINAPI | D50: EXECUÇÃO DE RADIER, ESPESSURA DE 15 CM, FCK = 30 MPA, COM USO DE FORMAS EM MADEIRA SERRADA. AF_09/2021 | E50: m² | F50: 14.44 | G50: 227.41 | H50: 269.66 | I50: =TRUNC(H50*F50,2) -> 3893.89
A51: 5.9 | B51: 92411 | C51: SINAPI | D51: MONTAGEM E DESMONTAGEM DE FÔRMA DE PILARES RETANGULARES E ESTRUTURAS SIMILARES, PÉ-DIREITO SIMPLES, EM MADEIRA SERRADA, 2 UTILIZAÇÕES. AF_09/2020 | E51: m² | F51: 54.9 | G51: 184.92 | H51: 219.27 | I51: =TRUNC(H51*F51,2) -> 12037.92
A52: 5.10 | B52: 92759 | C52: SINAPI | D52: ARMAÇÃO DE PILAR OU VIGA DE ESTRUTURA CONVENCIONAL DE CONCRETO ARMADO UTILIZANDO AÇO CA-60 DE 5,0 MM - MONTAGEM. AF_06/2022 | E52: KG | F52: 55.63 | G52: 13.92 | H52: 16.5 | I52: =TRUNC(H52*F52,2) -> 917.89
A53: 5.11 | B53: 92763 | C53: SINAPI | D53: ARMAÇÃO DE PILAR OU VIGA DE ESTRUTURA CONVENCIONAL DE CONCRETO ARMADO UTILIZANDO AÇO CA-50 DE 12,5 MM - MONTAGEM. AF_06/2022 | E53: KG | F53: 266.78 | G53: 8.81 | H53: 10.44 | I53: =TRUNC(H53*F53,2) -> 2785.18
A54: 5.12 | B54: 103672 | C54: SINAPI | D54: CONCRETAGEM DE PILARES, FCK = 25 MPA, COM USO DE BOMBA - LANÇAMENTO, ADENSAMENTO E ACABAMENTO. AF_02/2022_PS | E54: m³ | F54: 5.07 | G54: 723.05 | H54: 857.39 | I54: =TRUNC(H54*F54,2) -> 4346.96
A55: 5.13 | B55: 96558 | C55: SINAPI | D55: CONCRETAGEM DE SAPATA, FCK 30 MPA, COM USO DE BOMBA - LANÇAMENTO, ADENSAMENTO E ACABAMENTO. AF_01/2024 | E55: m³ | F55: 1.62 | G55: 836.35 | H55: 991.74 | I55: =TRUNC(H55*F55,2) -> 1606.61
A56: 6 | D56: LAJE - CASA DE MÁQUINA - MURETA 3 | I56: =SUM(I57:I60) -> 9845.65 | J56: =I56/$H$141 -> 0.01807303
A57: 6.1 | B57: 101964 | C57: SINAPI | D57: LAJE PRÉ-MOLDADA UNIDIRECIONAL, BIAPOIADA, PARA FORRO, ENCHIMENTO EM CERÂMICA, VIGOTA CONVENCIONAL, ALTURA TOTAL DA LAJE "LT" = 12 CM (ENCHIMENTO+CAPA) = (8+4). AF_08/2025 | E57: m² | F57: 21.16 | G57: 190.14 | H57: 225.46 | I57: =TRUNC(H57*F57,2) -> 4770.73
A58: 6.2 | B58: 98546 | C58: SINAPI | D58: IMPERMEABILIZAÇÃO DE SUPERFÍCIE COM MANTA ASFÁLTICA, UMA CAMADA, INCLUSIVE APLICAÇÃO DE PRIMER ASFÁLTICO, E=4MM. AF_09/2023 | E58: m² | F58: 21.16 | G58: 125.08 | H58: 148.31 | I58: =TRUNC(H58*F58,2) -> 3138.23
A59: 6.3 | B59: 98565 | C59: SINAPI | D59: PROTEÇÃO MECÂNICA DE SUPERFICIE HORIZONTAL COM ARGAMASSA DE CIMENTO E AREIA, TRAÇO 1:3, E=3CM. AF_09/2023 | E59: m² | F59: 21.16 | G59: 60.05 | H59: 71.2 | I59: =TRUNC(H59*F59,2) -> 1506.59
A60: 6.4 | B60: 94228 | C60: SINAPI | D60: CALHA EM CHAPA DE AÇO GALVANIZADO NÚMERO 24, DESENVOLVIMENTO DE 50 CM, INCLUSO TRANSPORTE VERTICAL. AF_07/2019 | E60: M | F60: 4.6 | G60: 78.85 | H60: 93.5 | I60: =TRUNC(H60*F60,2) -> 430.1
A61: 7 | D61: ALVENARIA - MURETA 3 E CASA DE MÁQUINAS | I61: =SUM(I62:I66) -> 52956.98 | J61: =I61/$H$141 -> 0.097209743
A62: 7.1 | B62: 89470 | C62: SINAPI | D62: ALVENARIA DE BLOCOS DE CONCRETO ESTRUTURAL 14X19X39 CM (ESPESSURA 14 CM), FBK = 4,5 MPA, UTILIZANDO COLHER DE PEDREIRO. AF_10/2022 | E62: m² | F62: 169.57 | G62: 105.43 | H62: 125.01 | I62: =TRUNC(H62*F62,2) -> 21197.94
A63: 7.2 | B63: 93184 | C63: SINAPI | D63: VERGA PRÉ-MOLDADA COM ATÉ 1,5 M DE VÃO, ESPESSURA DE *20* CM. AF_03/2024 | E63: M | F63: 3.36 | G63: 31.3 | H63: 37.11 | I63: =TRUNC(H63*F63,2) -> 124.68
A64: 7.3 | B64: 93194 | C64: SINAPI | D64: CONTRAVERGA PRÉ-MOLDADA, ESPESSURA DE *20* CM. AF_03/2024 | E64: M | F64: 3.36 | G64: 30.48 | H64: 36.14 | I64: =TRUNC(H64*F64,2) -> 121.43
A65: 7.4 | B65: 98557 | C65: SINAPI | D65: IMPERMEABILIZAÇÃO DE SUPERFÍCIE COM EMULSÃO ASFÁLTICA, 2 DEMÃOS. AF_09/2023 | E65: m² | F65: 424.11 | G65: 46.95 | H65: 55.67 | I65: =TRUNC(H65*F65,2) -> 23610.2
A66: 7.5 | B66: 105033 | C66: SINAPI | D66: CINTA DE AMARRAÇÃO DE ALVENARIA MOLDADA IN LOCO COM UTILIZAÇÃO DE BLOCOS CANALETA, ESPESSURA DE *15* CM. AF_03/2024 | E66: M | F66: 110.9 | G66: 60.1 | H66: 71.26 | I66: =TRUNC(H66*F66,2) -> 7902.73
A67: 8 | D67: PISO - CASA DE MÁQUINA | I67: =I68+I69 -> 6728.01 | J67: =I67/$H$141 -> 0.012350178
A68: 8.1 | B68: 87692 | C68: SINAPI | D68: CONTRAPISO EM ARGAMASSA TRAÇO 1:4 (CIMENTO E AREIA), PREPARO MANUAL, APLICADO EM ÁREAS SECAS SOBRE LAJE, NÃO ADERIDO, ACABAMENTO NÃO REFORÇADO, ESPESSURA 5CM. AF_07/2021 | E68: m² | F68: 73.35 | G68: 63.95 | H68: 75.83 | I68: =TRUNC(H68*F68,2) -> 5562.13
A69: 8.2 | B69: 87257 | C69: SINAPI | D69: REVESTIMENTO CERÂMICO PARA PISO COM PLACAS TIPO ESMALTADA DE DIMENSÕES 60X60 CM APLICADA EM AMBIENTES DE ÁREA MAIOR QUE 10 M2. AF_02/2023_PE | E69: m² | F69: 14.44 | G69: 68.09 | H69: 80.74 | I69: =TRUNC(H69*F69,2) -> 1165.88
A70: 9 | D70: ESQUADRIAS - CASA DE MÁQUINA | I70: =SUM(I71:I75) -> 4305 | J70: =I70/$H$141 -> 0.0079024133
A71: 9.1 | B71: 100674 | C71: SINAPI | D71: CAIXILHO FIXO DE ALUMÍNIO PARA VIDRO (VIDRO INCLUSO), BATENTE/ REQUADRO DE 4 A 14 CM, SEM GUARNIÇÃO/ ALIZAR, FIXAÇÃO COM PARAFUSOS, VEDAÇÃO COM SILICONE, EXCLUSIVE CONTRAMARCO - FORNECIMENTO E INSTALAÇÃO. AF_11/2024 | E71: m² | F71: 0.48 | G71: 615.96 | H71: 730.4 | I71: =TRUNC(H71*F71,2) -> 350.59
A72: 9.2 | B72: 105812 | C72: SINAPI | D72: GUARNIÇÃO DE ALUMÍNIO. AF_11/2024 | E72: M | F72: 6.4 | G72: 24.69 | H72: 29.27 | I72: =TRUNC(H72*F72,2) -> 187.32
A73: 9.3 | B73: 91341 | C73: SINAPI | D73: PORTA EM ALUMÍNIO DE ABRIR TIPO VENEZIANA COM GUARNIÇÃO, FIXAÇÃO COM PARAFUSOS - FORNECIMENTO E INSTALAÇÃO. AF_10/2025 | E73: m² | F73: 1.72 | G73: 537.2 | H73: 637.01 | I73: =TRUNC(H73*F73,2) -> 1095.65
A74: 9.4 | B74: 100701 | C74: SINAPI | D74: PORTA DE FERRO, DE ABRIR, TIPO GRADE COM CHAPA, COM GUARNIÇÕES. AF_10/2025 | E74: m² | F74: 2.4 | G74: 688.32 | H74: 816.2 | I74: =TRUNC(H74*F74,2) -> 1958.88
A75: 9.5 | B75: 99862 | C75: SINAPI | D75: GRADIL EM ALUMÍNIO FIXADO EM VÃOS DE JANELAS, FORMADO POR TUBOS DE 3/4". AF_10/2025 | E75: m² | F75: 1.28 | G75: 469.47 | H75: 556.69 | I75: =TRUNC(H75*F75,2) -> 712.56
A76: 10 | D76: INSTALAÇÕES ELÉTRICAS - CASA DE MÁQUINA | I76: =SUM(I77:I99) -> 29014.04 | J76: =I76/$H$141 -> 0.053259219
A77: 10.1 | B77: 92006 | C77: SINAPI | D77: TOMADA BAIXA DE EMBUTIR (2 MÓDULOS), 2P+T 10 A, SEM SUPORTE E SEM PLACA - FORNECIMENTO E INSTALAÇÃO. AF_03/2023 | E77: UN | F77: 1 | G77: 36.55 | H77: 43.34 | I77: =TRUNC(H77*F77,2) -> 43.34
A78: 10.2 | B78: 91953 | C78: SINAPI | D78: INTERRUPTOR SIMPLES (1 MÓDULO), 10A/250V, INCLUINDO SUPORTE E PLACA - FORNECIMENTO E INSTALAÇÃO. AF_03/2023 | E78: UN | F78: 1 | G78: 29.52 | H78: 35 | I78: =TRUNC(H78*F78,2) -> 35
A79: 10.3 | B79: 103782 | C79: SINAPI | D79: LUMINÁRIA TIPO PLAFON CIRCULAR, DE SOBREPOR, COM LED DE 12/13 W - FORNECIMENTO E INSTALAÇÃO. AF_09/2024 | E79: UN | F79: 2 | G79: 34.41 | H79: 40.8 | I79: =TRUNC(H79*F79,2) -> 81.6
A80: 10.4 | B80: 91941 | C80: SINAPI | D80: CAIXA RETANGULAR 4" X 2" BAIXA (0,30 M DO PISO), PVC, INSTALADA EM PAREDE - FORNECIMENTO E INSTALAÇÃO. AF_03/2023 | E80: UN | F80: 2 | G80: 12.98 | H80: 15.39 | I80: =TRUNC(H80*F80,2) -> 30.78
A81: 10.5 | B81: 91940 | C81: SINAPI | D81: CAIXA RETANGULAR 4" X 2" MÉDIA (1,30 M DO PISO), PVC, INSTALADA EM PAREDE - FORNECIMENTO E INSTALAÇÃO. AF_03/2023 | E81: UN | F81: 1 | G81: 20.11 | H81: 23.84 | I81: =TRUNC(H81*F81,2) -> 23.84
A82: 10.6 | B82: 91936 | C82: SINAPI | D82: CAIXA OCTOGONAL 4" X 4", PVC, INSTALADA EM LAJE - FORNECIMENTO E INSTALAÇÃO. AF_03/2023 | E82: UN | F82: 2 | G82: 20.45 | H82: 24.24 | I82: =TRUNC(H82*F82,2) -> 48.48
A83: 10.7 | B83: C2067 | C83: SEINFRA | D83: QUADRO DE DISTRIBUIÇÃO DE LUZ EMBUTIR ATÉ 12 DIVISÕES 207X332X95mm, C/BARRAMENTO | E83: UN | F83: 1 | G83: 323.71 | H83: 383.85 | I83: =TRUNC(H83*F83,2) -> 383.85
A84: 10.8 | B84: 96986 | C84: SINAPI | D84: HASTE DE ATERRAMENTO, DIÂMETRO 3/4", COM 3 METROS - FORNECIMENTO E INSTALAÇÃO. AF_08/2023 | E84: UN | F84: 2 | G84: 164.26 | H84: 194.77 | I84: =TRUNC(H84*F84,2) -> 389.54
A85: 10.9 | B85: 91924 | C85: SINAPI | D85: CABO DE COBRE FLEXÍVEL ISOLADO, 1,5 MM², ANTI-CHAMA 450/750 V, PARA CIRCUITOS TERMINAIS - FORNECIMENTO E INSTALAÇÃO. AF_03/2023 | E85: M | F85: 21 | G85: 3.56 | H85: 4.22 | I85: =TRUNC(H85*F85,2) -> 88.62
A86: 10.10 | B86: 91926 | C86: SINAPI | D86: CABO DE COBRE FLEXÍVEL ISOLADO, 2,5 MM², ANTI-CHAMA 450/750 V, PARA CIRCUITOS TERMINAIS - FORNECIMENTO E INSTALAÇÃO. AF_03/2023 | E86: M | F86: 20 | G86: 5.19 | H86: 6.15 | I86: =TRUNC(H86*F86,2) -> 123
A87: 10.11 | B87: 91928 | C87: SINAPI | D87: CABO DE COBRE FLEXÍVEL ISOLADO, 4 MM², ANTI-CHAMA 450/750 V, PARA CIRCUITOS TERMINAIS - FORNECIMENTO E INSTALAÇÃO. AF_03/2023 | E87: M | F87: 39 | G87: 8.05 | H87: 9.54 | I87: =TRUNC(H87*F87,2) -> 372.06
A88: 10.12 | B88: 91931 | C88: SINAPI | D88: CABO DE COBRE FLEXÍVEL ISOLADO, 6 MM², ANTI-CHAMA 0,6/1,0 KV, PARA CIRCUITOS TERMINAIS - FORNECIMENTO E INSTALAÇÃO. AF_03/2023 | E88: M | F88: 40 | G88: 12.2 | H88: 14.46 | I88: =TRUNC(H88*F88,2) -> 578.4
... A99: 10.23 | B99: 100623 | C99: SINAPI | D99: POSTE DE AÇO CÔNICO CONTÍNUO CURVO DUPLO, ENGASTAMENTO SIMPLES COM 1 M DE SOLO, H=9M - FORNECIMENTO E INSTALAÇÃO. AF_04/2025 | E99: UN | F99: 7 | G99: 2578.08 | H99: 3057.08 | I99: =TRUNC(H99*F99,2) -> 21399.56
A100: 11 | D100: INSTALAÇÕES HIDRÁULICAS - CASA DE MÁQUINA | I100: =SUM(I101:I134) -> 63054.14 | J100: =I100/$H$141 -> 0.11574445
A101: 11.1 | B101: 94715 | C101: SINAPI | D101: ADAPTADOR COM FLANGES LIVRES, PVC, SOLDÁVEL, DN 110 MM X 4", INSTALADO EM RESERVAÇÃO PREDIAL DE ÁGUA - FORNECIMENTO E INSTALAÇÃO. AF_04/2024 | E101: UN | F101: 10 | G101: 291.34 | H101: 345.47 | I101: =TRUNC(H101*F101,2) -> 3454.7
A102: 11.2 | B102: 89389 | C102: SINAPI | D102: LUVA SOLDÁVEL E COM ROSCA, PVC, SOLDÁVEL, DN 32MM X 1, INSTALADO EM RAMAL OU SUB-RAMAL DE ÁGUA - FORNECIMENTO E INSTALAÇÃO. AF_06/2022 | E102: UN | F102: 2 | G102: 11.92 | H102: 14.13 | I102: =TRUNC(H102*F102,2) -> 28.26
A103: 11.3 | B103: 103991 | C103: SINAPI | D103: LUVA COM ROSCA, PVC, SOLDÁVEL, DN 40MM X 1.1/4", INSTALADO EM RAMAL DE DISTRIBUIÇÃO DE ÁGUA - FORNECIMENTO E INSTALAÇÃO. AF_06/2022 | E103: UN | F103: 4 | G103: 18.58 | H103: 22.03 | I103: =TRUNC(H103*F103,2) -> 88.12
A104: 11.4 | B104: 89562 | C104: SINAPI | D104: LUVA DE REDUÇÃO, PVC, SOLDÁVEL, DN 40MM X 32MM, INSTALADO EM PRUMADA DE ÁGUA - FORNECIMENTO E INSTALAÇÃO. AF_06/2022 | E104: UN | F104: 1 | G104: 10.49 | H104: 12.43 | I104: =TRUNC(H104*F104,2) -> 12.43
A105: 11.5 | B105: 103993 | C105: SINAPI | D105: BUCHA DE REDUÇÃO, PVC, SOLDÁVEL, DN 40MM X 32MM, INSTALADO EM RAMAL DE DISTRIBUIÇÃO DE ÁGUA - FORNECIMENTO E INSTALAÇÃO. AF_06/2022 | E105: UN | F105: 4 | G105: 10.27 | H105: 12.17 | I105: =TRUNC(H105*F105,2) -> 48.68
A106: 11.6 | B106: 1074 | C106: ORSE | D106: Bucha de redução curta de pvc rígido soldável, marrom, diâm = 50 x 40mm | E106: un | F106: 2 | G106: 11.97 | H106: 14.19 | I106: =TRUNC(H106*F106,2) -> 28.38
A107: 11.7 | B107: 89549 | C107: SINAPI | D107: REDUÇÃO EXCÊNTRICA, PVC, SERIE R, ÁGUA PLUVIAL, DN 75 X 50 MM, JUNTA ELÁSTICA, FORNECIDO E INSTALADO EM RAMAL DE ENCAMINHAMENTO. AF_06/2022 | E107: UN | F107: 1 | G107: 18.37 | H107: 21.78 | I107: =TRUNC(H107*F107,2) -> 21.78
A108: 11.8 | B108: C2402 | C108: SEINFRA | D108: TE REDUCAO PVC SOLDAVEL DE 110X75MM PARA AGUA FRIA | E108: UN | F108: 1 | G108: 198.48 | H108: 235.35 | I108: =TRUNC(H108*F108,2) -> 235.35
A109: 11.9 | B109: C0499 | C109: SEINFRA | D109: BUCHA REDUÇÃO PVC ROSC. D=2 1/2"X1 1/4" (75X40mm) | E109: UN | F109: 1 | G109: 34.88 | H109: 41.36 | I109: =TRUNC(H109*F109,2) -> 41.36
A110: 11.10 | B110: C2143 | C110: SEINFRA | D110: REDUÇÃO EXCÊNTRICA PVC BRANCO REFORÇADO D=100X75mm (4"X3") | E110: UN | F110: 1 | G110: 25.93 | H110: 30.74 | I110: =TRUNC(H110*F110,2) -> 30.74
...

Sheet BDI N DES
D1: Obra | E1: Bancos | F1: B.D.I. | I1: Encargos Sociais
D2: CONTRATAÇÃO DE EMPRESA ESPECIALIZADA EM ENGENHARIA PARA EXECUÇÃO DE MURETAS PARA CONTENÇÃO E ISOLAMENTO DO RESERVATÓRIO DE ÁGUA DO POVOADO DE SÃO LOURENÇO, DISTRITO DE GOIANA/PE. | E2: SINAPI - 04/2026 - Pernambuco ORSE - 02/2026 - Sergipe SEINFRA - 028 - Ceará | F2: 18,58% | I2: Não Desonerado: embutido nos preços unitário dos insumos de mão de obra, de acordo com as bases.
A3: BDI - BDI ATUALIZADO 2026 NÃO DESONERADO
A4: GRUPO A | B4: TAXA ADMINISTRATIVA DA ADMINISTRAÇÃO CENTRAL
A5: 1 | B5: Administração Central | L5: 3,00%
B6: Total do Grupo | L6: 3,00%
A7: GRUPO B | B7: TAXA REPRESENTATIVA DOS RISCOS
A8: 1 | B8: Riscos | L8: 0,97%
B9: Total do Grupo | L9: 0,97%
A10: GRUPO C | B10: TAXA REPRESENTATIVA SEGURO GARANTIA
A11: 1 | B11: Risco | L11: 0,80%
B12: Total do Grupo | L12: 0,80%
A13: GRUPO D | B13: TAXA REPRESENTATIVA DAS DESPESAS FINANCEIRAS
A14: 1 | B14: Despesas Financeiras | L14: 0,59%
B15: Total do Grupo | L15: 0,59%
A16: GRUPO E | B16: TAXA REPRESENTATIVA DO LUCRO
A17: 1 | B17: Lucro | L17: 6,16%
B18: Total do Grupo | L18: 6,16%
A19: GRUPO F | B19: TAXA REPRESENTATIVA DA INCIDÊNCIA DOS IMPOSTOS ( SOBRE O FATURAMENTO DA EMPRESA )
A20: 1 | B20: ISS (IMPOSTO SOBRE SERVIÇOS) - MUNICIPAL | L20: 2,00%
A21: 2 | B21: COFINS - FEDERAL | L21: 3,00%
A22: 3 | B22: PIS (PROGRAMA DE INTREGRAÇÃO SOCIAL) - FEDERAL | L22: 0,65%
A23: 4 | B23: CRB -CONTRIBUIÇÂO INSS (DESONERAÇÂO) | L23: 0,00%
B24: Total do Grupo | L24: 5,65%
A26: FÓRMULA PARA O CÁLCULO DO BDI | I26: (((1+A+B+C)*(1+D)*(1+E)/(1-F))-1)
A28: Bonificação sobre despesas indiretas (B.D.I)= | L28: 18,58%

Sheet CPUs (2)
C1: Composições Analíticas com Preço Unitário | E1: Bancos | G1: B.D.I. | I1: Encargos Sociais
C2: CONTRATAÇÃO DE EMPRESA ESPECIALIZADA EM ENGENHARIA PARA EXECUÇÃO DE MURETAS PARA CONTENÇÃO E ISOLAMENTO DO RESERVATÓRIO DE ÁGUA DO POVOADO DE SÃO LOURENÇO, DISTRITO DE GOIANA/PE. | E2: SINAPI - 04/2026 - Pernambuco ORSE - 02/2026 - Sergipe SEINFRA - 028 - Ceará | G2: 18,58% | I2: Não Desonerado: embutido nos preços unitário dos insumos de mão de obra, de acordo com as bases.
A3: Composições Analíticas com Preço Unitário
A4: COMPOSIÇÕES PRÓPRIAS
A6: 10.20 | B6: Código | C6: Banco | D6: Descrição | E6: Tipo | G6: Und | H6: Quant. | I6: Valor Unit | J6: Total
A7: Composição | B7: CP - 466 | C7: Próprio | D7: DISPOSITIVO DE PROTEÇÃO CONTRA SURTOS DE TENSÃO - DPS's - 40 KA/440V | E7: OUTROS ELEMENTOS | G7: UN | H7: 1 | I7: 133.83 | J7: 133.83
A8: Insumo | B8: I8442 | C8: SEINFRA | D8: DISPOSITIVO DE PROTEÇÃO CONTRA SURTOS DE TENSÃO - DPS's - 40 KA/440V - FORNECIMENTO E INSTALAÇÃO | E8: Material | G8: UN | H8: 1 | I8: 133.83 | J8: 133.83
E9: MO sem LS => | F9: 0 | G9: LS => | H9: 0 | I9: MO com LS => | J9: 0
E10: Valor do BDI => | F10: 24.86 | H10: Valor com BDI => | J10: 158.69
A12: 10.21 | B12: Código | C12: Banco | D12: Descrição | E12: Tipo | G12: Und | H12: Quant. | I12: Valor Unit | J12: Total
A13: Composição | B13: 5045 | C13: Próprio | D13: ENTRADA DE ENERGIA ELÉTRICA, AÉREA, TRIFÁSICA, COM CAIXA DE EMBUTIR, CABO DE 16 MM2 E DISJUNTOR DIN 50A (INCLUSO O POSTE DE CONCRETO). | E13: INEL - INSTALAÇÃO ELÉTRICA/ELETRIFICAÇÃO E ILUMINAÇÃO EXTERNA | G13: UND | H13: 1 | I13: 3557.37 | J13: 3557.37
A14: Composição Auxiliar | B14: 100578 | C14: SINAPI | D14: ASSENTAMENTO DE POSTE DE CONCRETO COM COMPRIMENTO NOMINAL DE 9 M, CARGA NOMINAL MENOR OU IGUAL A 1000 DAN, ENGASTAMENTO SIMPLES COM 1,5 M DE SOLO (NÃO INCLUI FORNECIMENTO). AF_04/2025 | E14: Postes de Concreto e Metálicos | G14: UN | H14: 1 | I14: 666.57 | J14: 666.57
A15: Composição Auxiliar | B15: 87367 | C15: SINAPI | D15: ARGAMASSA TRAÇO 1:1:6 (EM VOLUME DE CIMENTO, CAL E AREIA MÉDIA ÚMIDA) PARA EMBOÇO/MASSA ÚNICA/ASSENTAMENTO DE ALVENARIA DE VEDAÇÃO, PREPARO MANUAL. AF_08/2019 | E15: Argamassas | G15: m³ | H15: 0.0194 | I15: 874.7 | J15: 16.96
A16: Composição Auxiliar | B16: 96986 | C16: SINAPI | D16: HASTE DE ATERRAMENTO, DIÂMETRO 3/4", COM 3 METROS - FORNECIMENTO E INSTALAÇÃO. AF_08/2023 | E16: Sistema de Proteção contra Descargas Atmosféricas - SPDA | G16: UN | H16: 1 | I16: 164.26 | J16: 164.26
A17: Composição Auxiliar | B17: 2842 | C17: ORSE | D17: Fornecimento de armação secundária 1 estribo | E17: Fornecimento de Materiais para Redes de Energia Elétrica e Iluminação | G17: un | H17: 1 | I17: 26.08 | J17: 26.08
A18: Composição Auxiliar | B18: 91885 | C18: SINAPI | D18: LUVA PARA ELETRODUTO, PVC, ROSCÁVEL, DN 32 MM (1"), PARA CIRCUITOS TERMINAIS, INSTALADA EM PAREDE - FORNECIMENTO E INSTALAÇÃO. AF_03/2023 | E18: Instalações Elétricas - Eletrodutos Embutidos, Cabos, Caixas, Tomadas e Interruptores | G18: UN | H18: 1 | I18: 14.45 | J18: 14.45
A19: Composição Auxiliar | B19: 88247 | C19: SINAPI | D19: AUXILIAR DE ELETRICISTA COM ENCARGOS COMPLEMENTARES | E19: Livro SINAPI: Cálculos e Parâmetros | G19: H | H19: 0.5238 | I19: 25.7 | J19: 13.46
A20: Composição Auxiliar | B20: 91872 | C20: SINAPI | D20: ELETRODUTO RÍGIDO ROSCÁVEL, PVC, DN 32 MM (1"), PARA CIRCUITOS TERMINAIS, INSTALADO EM PAREDE - FORNECIMENTO E INSTALAÇÃO. AF_03/2023 | E20: Instalações Elétricas - Eletrodutos Embutidos, Cabos, Caixas, Tomadas e Interruptores | G20: M | H20: 6.05 | I20: 19.56 | J20: 118.33
A21: Composição Auxiliar | B21: 93673 | C21: SINAPI | D21: DISJUNTOR TRIPOLAR TIPO DIN, CORRENTE NOMINAL DE 50A - FORNECIMENTO E INSTALAÇÃO. AF_07/2025 | E21: Instalações Elétricas - Quadros, Cabos, Disjuntores, Contatores e Barramentos Blindados | G21: UN | H21: 1 | I21: 107.02 | J21: 107.02
A22: Composição Auxiliar | B22: 104749 | C22: SINAPI | D22: CONECTOR GRAMPO METÁLICO TIPO OLHAL, PARA SPDA, PARA HASTE DE ATERRAMENTO DE 3/4'' E CABOS DE 10 A 50 MM2 - FORNECIMENTO E INSTALAÇÃO. AF_08/2023 | E22: Sistema de Proteção contra Descargas Atmosféricas - SPDA | G22: UN | H22: 1 | I22: 25.18 | J22: 25.18
A23: Composição Auxiliar | B23: 88264 | C23: SINAPI | D23: ELETRICISTA COM ENCARGOS COMPLEMENTARES | E23: Livro SINAPI: Cálculos e Parâmetros | G23: H | H23: 2.619 | I23: 30.42 | J23: 79.66
A24: Composição Auxiliar | B24: 91919 | C24: SINAPI | D24: CURVA 180 GRAUS PARA ELETRODUTO, PVC, ROSCÁVEL, DN 32 MM (1"), PARA CIRCUITOS TERMINAIS, INSTALADA EM PAREDE - FORNECIMENTO E INSTALAÇÃO. AF_03/2023 | E24: Instalações Elétricas - Eletrodutos Embutidos, Cabos, Caixas, Tomadas e Interruptores | G24: UN | H24: 1 | I24: 26.43 | J24: 26.43
... A36: Insumo | B36: 00034643 | C36: SINAPI | D36: CAIXA DE INSPECAO PARA ATERRAMENTO E PARA RAIOS, EM POLIPROPILENO, DIAMETRO = 300 MM X ALTURA = 400 MM (INCLUIDA TAMPA SEM ESCOTILHA) | E36: Material | G36: UN | H36: 1 | I36: 46.57 | J36: 46.57
E37: MO sem LS => | F37: 459.33 | G37: LS => | H37: 0 | I37: MO com LS => | J37: 459.33
E38: Valor do BDI => | F38: 660.95 | H38: Valor com BDI => | J38: 4218.32

Sheet MEMÓRIA DE CÁLCULO
B1: ='Orçamento NÃO DESONERADO (2)'!D1 -> Obra | C1: Bancos
B2: ='Orçamento NÃO DESONERADO (2)'!D2 -> CONTRATAÇÃO DE EMPRESA ESPECIALIZADA EM ENGENHARIA PARA EXECUÇÃO DE MURETAS PARA CONTENÇÃO E ISOLAMENTO DO RESERVATÓRIO DE ÁGUA DO POVOADO DE SÃO LOURENÇO, DISTRITO DE GOIANA/PE. | C2: SINAPI - 04/2026 - Pernambuco ORSE - 02/2026 - Sergipe SEINFRA - 028 - Ceará
A3: Memória de Cálculo
A4: Item | B4: Descrição | C4: Und | D4: Quant. | E4: Memória de Cálculo
A5: ='Orçamento NÃO DESONERADO (2)'!A5 -> 1 | B5: ='Orçamento NÃO DESONERADO (2)'!D5 -> ADMINISTRAÇÃO LOCAL
A6: ='Orçamento NÃO DESONERADO (2)'!A6 -> 1.1 | B6: ='Orçamento NÃO DESONERADO (2)'!D6 -> ENGENHEIRO CIVIL DE OBRA JUNIOR COM ENCARGOS COMPLEMENTARES | C6: ='Orçamento NÃO DESONERADO (2)'!E6 -> H | D6: ='Orçamento NÃO DESONERADO (2)'!F6 -> 44.88 | E6: = Horas x Dias x nº meses = Total = 0,51* 22 * 4 = 44,88 HORAS
A7: ='Orçamento NÃO DESONERADO (2)'!A7 -> 1.2 | B7: ='Orçamento NÃO DESONERADO (2)'!D7 -> ENCARREGADO GERAL COM ENCARGOS COMPLEMENTARES | C7: ='Orçamento NÃO DESONERADO (2)'!E7 -> H | D7: ='Orçamento NÃO DESONERADO (2)'!F7 -> 672.32 | E7: = Horas x Dias x nº meses = Total =7,64 * 22 * 4 = 672,32 HORAS
A8: ='Orçamento NÃO DESONERADO (2)'!A8 -> 2 | B8: ='Orçamento NÃO DESONERADO (2)'!D8 -> SERVIÇOS PRELIMINARES
A9: ='Orçamento NÃO DESONERADO (2)'!A9 -> 2.1 | B9: ='Orçamento NÃO DESONERADO (2)'!D9 -> FORNECIMENTO E INSTALAÇÃO DE PLACA DE OBRA COM CHAPA GALVANIZADA E ESTRUTURA DE MADEIRA. AF_03/2022_PS | C9: ='Orçamento NÃO DESONERADO (2)'!E9 -> m² | D9: ='Orçamento NÃO DESONERADO (2)'!F9 -> 6 | E9: = 3 m x 2 m = 6 m²
A10: ='Orçamento NÃO DESONERADO (2)'!A10 -> 2.2 | B10: ='Orçamento NÃO DESONERADO (2)'!D10 -> LIMPEZA MECANIZADA DE CAMADA VEGETAL, VEGETAÇÃO E PEQUENAS ÁRVORES (DIÂMETRO DE TRONCO MENOR QUE 0,20 M), COM TRATOR DE ESTEIRAS. AF_03/2024 | C10: ='Orçamento NÃO DESONERADO (2)'!E10 -> m² | D10: ='Orçamento NÃO DESONERADO (2)'!F10 -> 1041 | E10: = ÁREA DAS MURETAS 01,02 E 03 + CASA DE MÁQUINAS = 484,20 + 256,50+285,86+ 14,44 = 1.041,00 m²
A11: ='Orçamento NÃO DESONERADO (2)'!A11 -> 2.3 | B11: ='Orçamento NÃO DESONERADO (2)'!D11 -> DEMOLIÇÃO DE ALVENARIA DE BLOCO FURADO, DE FORMA MANUAL, SEM REAPROVEITAMENTO. AF_09/2023 | C11: ='Orçamento NÃO DESONERADO (2)'!E11 -> m³ | D11: ='Orçamento NÃO DESONERADO (2)'!F11 -> 19.61 | E11: VOLUME DA CASA DE MÁQUINA EXISTENTE DA MURETA 3 = CONSIDERE DIÂMETRO DE 3,25 E H = 2,20 m. Vcírculo = π r² h (V= 3,14 . (1,63) ² * 2,20 = 1,26 m³) = 18,35 m³ VOLUME DA LAJE DA CASA DE MÁQUINA = CONSIDERE A ESPESSURA DA LAJE DE 12 CM E DIÂMETRO DE 3,65 Vcírculo = π r² h (V= 3,14 . (1,83) ²*0,12 = 1,26 m³) TOTAL = 18,35 + 1,26 = 19,61 m³
A12: ='Orçamento NÃO DESONERADO (2)'!A12 -> 2.4 | B12: ='Orçamento NÃO DESONERADO (2)'!D12 -> CARGA, MANOBRA E DESCARGA DE ENTULHO EM CAMINHÃO BASCULANTE 6 M³ - CARGA COM ESCAVADEIRA HIDRÁULICA (CAÇAMBA DE 0,80 M³ / 111 HP) E DESCARGA LIVRE (UNIDADE: M3). AF_02/2026 | C12: ='Orçamento NÃO DESONERADO (2)'!E12 -> m³ | D12: ='Orçamento NÃO DESONERADO (2)'!F12 -> 19.61 | E12: VOLUME DA CASA DE MÁQUINA EXISTENTE DA MURETA 3 = CONSIDERE DIÂMETRO DE 3,25 E H = 2,20 m. Vcírculo = π r² h (V= 3,14 . (1,63) ² * 2,20 = 1,26 m³) = 18,35 m³ VOLUME DA LAJE DA CASA DE MÁQUINA = CONSIDERE A ESPESSURA DA LAJE DE 12 CM E DIÂMETRO DE 3,65 Vcírculo = π r² h (V= 3,14 . (1,83) ²*0,12 = 1,26 m³) TOTAL = 18,35 + 1,26 = 19,61 m³
A13: ='Orçamento NÃO DESONERADO (2)'!A13 -> 2.5 | B13: ='Orçamento NÃO DESONERADO (2)'!D13 -> TOPOGRAFO COM ENCARGOS COMPLEMENTARES | C13: ='Orçamento NÃO DESONERADO (2)'!E13 -> H | D13: ='Orçamento NÃO DESONERADO (2)'!F13 -> 176 | E13: = Horas x Dias x nº meses = Total = 8* 22 * 1 = 16 HORAS
A14: ='Orçamento NÃO DESONERADO (2)'!A14 -> 2.6 | B14: ='Orçamento NÃO DESONERADO (2)'!D14 -> AUXILIAR DE TOPÓGRAFO COM ENCARGOS COMPLEMENTARES | C14: ='Orçamento NÃO DESONERADO (2)'!E14 -> H | D14: ='Orçamento NÃO DESONERADO (2)'!F14 -> 176 | E14: = Horas x Dias x nº meses = Total = 8* 22 * 1 = 16 HORAS
A15: ='Orçamento NÃO DESONERADO (2)'!A15 -> 2.7 | B15: ='Orçamento NÃO DESONERADO (2)'!D15 -> LOCAÇÃO CONVENCIONAL DE OBRA, UTILIZANDO GABARITO DE TÁBUAS CORRIDAS PONTALETADAS A CADA 2,00M - 2 UTILIZAÇÕES. AF_03/2024 | C15: ='Orçamento NÃO DESONERADO (2)'!E15 -> M | D15: ='Orçamento NÃO DESONERADO (2)'!F15 -> 177.55 | E15: = PERÍMETRO DAS MURETAS 01,02 E 03 + CASA DE MÁQUINAS COM AFASTAMENTO DE 1 METRO = 69 m + 38,50 m + 50,85 + 19,20 = 177,55 m (P MURETA 01 = 23 m + 23 m + 23 m = 69 m) (P MURETA 02 = 28 m + 10.50 m = 38.50 m) (P MURETA 03 = 24,10 m + 12,35 m + 14,40 m = 50,85 m) ( P CASA DE MÁQUINAS = 4,80 + 4,80 + 4,80 + 4,80= 19,20 m)
A16: ='Orçamento NÃO DESONERADO (2)'!A16 -> 2.8 | B16: ='Orçamento NÃO DESONERADO (2)'!D16 -> TAPUME COM TELHA METÁLICA. AF_03/2024 | C16: ='Orçamento NÃO DESONERADO (2)'!E16 -> m² | D16: ='Orçamento NÃO DESONERADO (2)'!F16 -> 339.13 | E16: PERÍMETRO * ALTURA MURETA 1 (66 * 2.20 = 145,20 m²) MURETA 2 = ((9,50+27) * 2.20)) = 80,30 m² MURETA 3 = ((11,35+23,10+13,40 + 3,80) * 2.20 =113,63 m² TOTAL = 145,20 + 80,30 + 113,63= 339,13 m²
A17: ='Orçamento NÃO DESONERADO (2)'!A17 -> 2.9 | B17: ='Orçamento NÃO DESONERADO (2)'!D17 -> ABRIGO PROVISÓRIO C/1 PAVIMENTO P/ALOJAMENTO E DEPÓSITO | C17: ='Orçamento NÃO DESONERADO (2)'!E17 -> m² | D17: ='Orçamento NÃO DESONERADO (2)'!F17 -> 16 | E17: 4 m * 4 m = 16 m²
A18: ='Orçamento NÃO DESONERADO (2)'!A18 -> 2.10 | B18: ='Orçamento NÃO DESONERADO (2)'!D18 -> LOCAÇÃO DE BANHEIRO QUÍMICO - INCLUSO TRANSPORTE, INSTALAÇÃO E MANUTENÇÃO | C18: ='Orçamento NÃO DESONERADO (2)'!E18 -> UNXMÊS | D18: ='Orçamento NÃO DESONERADO (2)'!F18 -> 4 | E18: = PERÍODO DE EXECUÇÃO DA OBRA
A19: ='Orçamento NÃO DESONERADO (2)'!A19 -> 2.11 | B19: ='Orçamento NÃO DESONERADO (2)'!D19 -> INSTALAÇÕES PROVISÓRIAS DE LUZ , FORÇA,TELEFONE E LÓGICA | C19: ='Orçamento NÃO DESONERADO (2)'!E19 -> UN | D19: ='Orçamento NÃO DESONERADO (2)'!F19 -> 1 | E19: 1 UNIDADE
A20: ='Orçamento NÃO DESONERADO (2)'!A20 -> 2.12 | B20: ='Orçamento NÃO DESONERADO (2)'!D20 -> CAIXA D´ÁGUA EM FYBERGLASS - CAP. 1000L | C20: ='Orçamento NÃO DESONERADO (2)'!E20 -> UN | D20: ='Orçamento NÃO DESONERADO (2)'!F20 -> 1 | E20: 1 UNIDADE
A21: ='Orçamento NÃO DESONERADO (2)'!A21 -> 3 | B21: ='Orçamento NÃO DESONERADO (2)'!D21 -> MURETA 1
A22: ='Orçamento NÃO DESONERADO (2)'!A22 -> 3.1 | B22: ='Orçamento NÃO DESONERADO (2)'!D22 -> ESCAVAÇÃO MANUAL PARA VIGA BALDRAME OU SAPATA CORRIDA (INCLUINDO ESCAVAÇÃO PARA COLOCAÇÃO DE FÔRMAS). AF_01/2024 | C22: ='Orçamento NÃO DESONERADO (2)'!E22 -> m³ | D22: ='Orçamento NÃO DESONERADO (2)'!F22 -> 25.99 | E22: VIGA BALDRAME = (0,05 DE CONCRETO MAGRO + 0,40 DE PROFUNDIDADE ) * ( 0,20 DA LARGURA REAL + 0,50 DE FOLGA PARA COLOCAÇÃO DAS FORMAS, CONSIDERANDO 25 CM PARA CADA LADO) * COMPRIMENTO DA VIGA MURETA 01 = (V1, V2 E V3 = 3*((0,05+0.40) *( 0,20 + 0.50) * 22)) = 20,79 m³ * 25% DE EMPOLAMENTO = 25,99 m³
A23: ='Orçamento NÃO DESONERADO (2)'!A23 -> 3.2 | B23: ='Orçamento NÃO DESONERADO (2)'!D23 -> LASTRO DE CONCRETO MAGRO, APLICADO EM BLOCOS DE COROAMENTO OU SAPATAS, ESPESSURA DE 5 CM. AF_01/2024 | C23: ='Orçamento NÃO DESONERADO (2)'!E23 -> m² | D23: ='Orçamento NÃO DESONERADO (2)'!F23 -> 13.2 | E23: (COMP. DAS VIGAS BALDRAMES * (LARG.DA VIGA) MURETA 1 = ( 22+22+22 ) = 66 * (0.20) = 13,20 m²)
A24: ='Orçamento NÃO DESONERADO (2)'!A24 -> 3.3 | B24: ='Orçamento NÃO DESONERADO (2)'!D24 -> FABRICAÇÃO, MONTAGEM E DESMONTAGEM DE FÔRMA PARA SAPATA, EM MADEIRA SERRADA, E=25 MM, 2 UTILIZAÇÕES. AF_01/2024 | C24: ='Orçamento NÃO DESONERADO (2)'!E24 -> m² | D24: ='Orçamento NÃO DESONERADO (2)'!F24 -> 52.8 | E24: CÁLCULO: FÔRMAS = COMP DA VIGA * N° DE FACES * PROFUNDIDADE MURETA 01 = (VIGA1 = 22* 2 * 0.40= 17,60 m²) + (VIGA 2 = 22*2*0.40= 17,60 m²)+(VIGA 3 = 22*2*0.40= 17,60 m²) = 52,80 m²
A25: ='Orçamento NÃO DESONERADO (2)'!A25 -> 3.4 | B25: ='Orçamento NÃO DESONERADO (2)'!D25 -> ARMAÇÃO DE SAPATA ISOLADA, VIGA BALDRAME E SAPATA CORRIDA UTILIZANDO AÇO CA-60 DE 5 MM - MONTAGEM. AF_01/2024 | C25: ='Orçamento NÃO DESONERADO (2)'!E25 -> KG | D25: ='Orçamento NÃO DESONERADO (2)'!F25 -> 80.26 | E25: PARA O CÁLCULO FOU UTILIZADO ESPAÇAMEMTO DE 0,15 m E COBRIMENTO DE 0,03 m, ESTRIBO COM COMPRIMENTO DE 1,14 m CADA. CÁLCULO: COMPRIMENTO DO ESTRIBO(*QUIANTIDADE(COMPRIMENTO DA BARRA/ESPAÇAMENTO)) * PESO DA BARRA POR METRO). MURETA 1 (V1,V2,V3) = 3*((1,14*(22/0,15)*0,16)= 80,26 KG
A26: ='Orçamento NÃO DESONERADO (2)'!A26 -> 3.5 | B26: ='Orçamento NÃO DESONERADO (2)'!D26 -> ARMAÇÃO DE SAPATA ISOLADA, VIGA BALDRAME E SAPATA CORRIDA UTILIZANDO AÇO CA-50 DE 10 MM - MONTAGEM. AF_01/2024 | C26: ='Orçamento NÃO DESONERADO (2)'!E26 -> KG | D26: ='Orçamento NÃO DESONERADO (2)'!F26 -> 166.32 | E26: CÁLCULO: COMPRIMENTO * QUANTIDADE DE BARRAS POR VIGA * PESO POR METRO MURETA 1 = 3 *((22*4*(0,63)) = 166,32 KG
A27: ='Orçamento NÃO DESONERADO (2)'!A27 -> 3.6 | B27: ='Orçamento NÃO DESONERADO (2)'!D27 -> CONCRETAGEM DE BLOCO DE COROAMENTO OU VIGA BALDRAME, FCK 30 MPA, COM USO DE BOMBA - LANÇAMENTO, ADENSAMENTO E ACABAMENTO. AF_01/2024 | C27: ='Orçamento NÃO DESONERADO (2)'!E27 -> m³ | D27: ='Orçamento NÃO DESONERADO (2)'!F27 -> 5.28 | E27: CÁLCULO: (COMP. DAS VIGAS BALDRAMES * (LARG.DA VIGA )* ALTURA MURETA 1 = ( 22+22+22 ) = (66 * 0.20.0.40) = 5,28 m³
A28: ='Orçamento NÃO DESONERADO (2)'!A28 -> 3.7 | B28: ='Orçamento NÃO DESONERADO (2)'!D28 -> IMPERMEABILIZAÇÃO DE SUPERFÍCIE COM EMULSÃO ASFÁLTICA, 2 DEMÃOS. AF_09/2023 | C28: ='Orçamento NÃO DESONERADO (2)'!E28 -> m² | D28: ='Orçamento NÃO DESONERADO (2)'!F28 -> 66 | E28: IMPERMEABILIZAÇÃO BALDRAMES - PARA O CÁLCULO:(ALTURA*2 + LARGURA) * COMPRIMENTO DA VIGA. MURETA 1 = V01,V02 E V03 = 3 * ((0,40 * 2 + 0,20) * 22) = 66 m²
A29: ='Orçamento NÃO DESONERADO (2)'!A29 -> 3.8 | B29: ='Orçamento NÃO DESONERADO (2)'!D29 -> ALAMBRADO PARA QUADRA POLIESPORTIVA, ESTRUTURADO POR TUBOS DE AÇO GALVANIZADO, (MONTANTES COM DIÂMETRO 2", TRAVESSAS E ESCORAS COM DIÂMETRO 1 ¼"), COM TELA DE ARAME GALVANIZADO, FIO 14 BWG E MALHA QUADRADA 5X5CM (EXCETO MURETA). AF_12/2025 | C29: ='Orçamento NÃO DESONERADO (2)'!E29 -> m² | D29: ='Orçamento NÃO DESONERADO (2)'!F29 -> 66 | E29: MURETA 1 ( 3 *( 22*1)) = 66 m²
A30: ='Orçamento NÃO DESONERADO (2)'!A30 -> 3.9 | B30: ='Orçamento NÃO DESONERADO (2)'!D30 -> ALVENARIA DE BLOCOS DE CONCRETO ESTRUTURAL 14X19X39 CM (ESPESSURA 14 CM), FBK = 4,5 MPA, UTILIZANDO COLHER DE PEDREIRO. AF_10/2022 | C30: ='Orçamento NÃO DESONERADO (2)'!E30 -> m² | D30: ='Orçamento NÃO DESONERADO (2)'!F30 -> 33 | E30: PERÍMETRO * ALTURA MURETA 1 (66 * 0.50 = 33 m²)
A31: ='Orçamento NÃO DESONERADO (2)'!A31 -> 4 | B31: ='Orçamento NÃO DESONERADO (2)'!D31 -> MURETA 2
A32: ='Orçamento NÃO DESONERADO (2)'!A32 -> 4.1 | B32: ='Orçamento NÃO DESONERADO (2)'!D32 -> ESCAVAÇÃO MANUAL PARA VIGA BALDRAME OU SAPATA CORRIDA (INCLUINDO ESCAVAÇÃO PARA COLOCAÇÃO DE FÔRMAS). AF_01/2024 | C32: ='Orçamento NÃO DESONERADO (2)'!E32 -> m³ | D32: ='Orçamento NÃO DESONERADO (2)'!F32 -> 14.38 | E32: VIGA BALDRAME = (0,05 DE CONCRETO MAGRO + 0,40 DE PROFUNDIDADE ) * ( 0,20 DA LARGURA REAL + 0,50 DE FOLGA PARA COLOCAÇÃO DAS FORMAS, CONSIDERANDO 25 CM PARA CADA LADO) * COMPRIMENTO DA VIGA MURETA 02 = (V1 = ((0,05 + 0.40) * (0.20 + 0,50) * 9.50)) = 2,99 m³ + (V2= ((0,05 + 0.40) *( 0,20 + 0.50)*27)) = 8,51 m³ = 11,50m³ * 25 % DE EMPOLAMENTO = 14,38 m³
A33: ='Orçamento NÃO DESONERADO (2)'!A33 -> 4.2 | B33: ='Orçamento NÃO DESONERADO (2)'!D33 -> LASTRO DE CONCRETO MAGRO, APLICADO EM BLOCOS DE COROAMENTO OU SAPATAS, ESPESSURA DE 5 CM. AF_01/2024 | C33: ='Orçamento NÃO DESONERADO (2)'!E33 -> m² | D33: ='Orçamento NÃO DESONERADO (2)'!F33 -> 7.3 | E33: (COMP. DAS VIGAS BALDRAMES * (LARG.DA VIGA) MURETA 02 ((9,50+27)*(0.20) = 7.30 m²
A34: ='Orçamento NÃO DESONERADO (2)'!A34 -> 4.3 | B34: ='Orçamento NÃO DESONERADO (2)'!D34 -> FABRICAÇÃO, MONTAGEM E DESMONTAGEM DE FÔRMA PARA SAPATA, EM MADEIRA SERRADA, E=25 MM, 2 UTILIZAÇÕES. AF_01/2024 | C34: ='Orçamento NÃO DESONERADO (2)'!E34 -> m² | D34: ='Orçamento NÃO DESONERADO (2)'!F34 -> 29.2 | E34: CÁLCULO: FÔRMAS = COMP DA VIGA * N° DE FACES * PROFUNDIDADE MURETA 02 = (VIGA1 = 9,50 *2*0,40 =7,60 m² )+ (VIGA2 = 27*2*0,40 = 21,60 m²) = 29.2 m²
A35: ='Orçamento NÃO DESONERADO (2)'!A35 -> 4.4 | B35: ='Orçamento NÃO DESONERADO (2)'!D35 -> ARMAÇÃO DE SAPATA ISOLADA, VIGA BALDRAME E SAPATA CORRIDA UTILIZANDO AÇO CA-60 DE 5 MM - MONTAGEM. AF_01/2024 | C35: ='Orçamento NÃO DESONERADO (2)'!E35 -> KG | D35: ='Orçamento NÃO DESONERADO (2)'!F35 -> 44.38 | E35: PARA O CÁLCULO FOU UTILIZADO ESPAÇAMEMTO DE 0,15 m E COBRIMENTO DE 0,03 m, ESTRIBO COM COMPRIMENTO DE 1,14 m CADA. CÁLCULO: COMPRIMENTO DO ESTRIBO(*QUIANTIDADE(COMPRIMENTO DA BARRA/ESPAÇAMENTO)) * PESO DA BARRA POR METRO). MURETA 2 V1 = (1,14*(9,50/0,15)*(0,16))= 11,55 KG V2 =(1,14*(27/0,15)*(0,16)) = 32,83 KG (44,38 KG)
A36: ='Orçamento NÃO DESONERADO (2)'!A36 -> 4.5 | B36: ='Orçamento NÃO DESONERADO (2)'!D36 -> ARMAÇÃO DE SAPATA ISOLADA, VIGA BALDRAME E SAPATA CORRIDA UTILIZANDO AÇO CA-50 DE 10 MM - MONTAGEM. AF_01/2024 | C36: ='Orçamento NÃO DESONERADO (2)'!E36 -> KG | D36: ='Orçamento NÃO DESONERADO (2)'!F36 -> 91.98 | E36: CÁLCULO: COMPRIMENTO * QUANTIDADE DE BARRAS POR VIGA * PESO POR METRO MURETA 2 = ((9,50 + 27) * 4 * (0,63)) = 91,98 KG
A37: ='Orçamento NÃO DESONERADO (2)'!A37 -> 4.6 | B37: ='Orçamento NÃO DESONERADO (2)'!D37 -> CONCRETAGEM DE BLOCO DE COROAMENTO OU VIGA BALDRAME, FCK 30 MPA, COM USO DE BOMBA - LANÇAMENTO, ADENSAMENTO E ACABAMENTO. AF_01/2024 | C37: ='Orçamento NÃO DESONERADO (2)'!E37 -> m³ | D37: ='Orçamento NÃO DESONERADO (2)'!F37 -> 2.92 | E37: CÁLCULO: (COMP. DAS VIGAS BALDRAMES * (LARG.DA VIGA )* ALTURA MURETA 02 ((9,50+27)*0,20* 0.40) = 2,92 m³
A38: ='Orçamento NÃO DESONERADO (2)'!A38 -> 4.7 | B38: ='Orçamento NÃO DESONERADO (2)'!D38 -> IMPERMEABILIZAÇÃO DE SUPERFÍCIE COM EMULSÃO ASFÁLTICA, 2 DEMÃOS. AF_09/2023 | C38: ='Orçamento NÃO DESONERADO (2)'!E38 -> m² | D38: ='Orçamento NÃO DESONERADO (2)'!F38 -> 36.5 | E38: IMPERMEABILIZAÇÃO BALDRAMES - PARA O CÁLCULO:(ALTURA*2 + LARGURA) * COMPRIMENTO DA VIGA. MURETA 2= V01 = ((0,40*2 +0,20) * 9,50) = 9,50 m² + V02 = ((0,40*2 +0,20) *27) = 27 m² = 36,50 m²
A39: ='Orçamento NÃO DESONERADO (2)'!A39 -> 4.8 | B39: ='Orçamento NÃO DESONERADO (2)'!D39 -> ALAMBRADO PARA QUADRA POLIESPORTIVA, ESTRUTURADO POR TUBOS DE AÇO GALVANIZADO, (MONTANTES COM DIÂMETRO 2", TRAVESSAS E ESCORAS COM DIÂMETRO 1 ¼"), COM TELA DE ARAME GALVANIZADO, FIO 14 BWG E MALHA QUADRADA 5X5CM (EXCETO MURETA). AF_12/2025 | C39: ='Orçamento NÃO DESONERADO (2)'!E39 -> m² | D39: ='Orçamento NÃO DESONERADO (2)'!F39 -> 36.5 | E39: MURETA 2 ((9,50 +27) * 1 = 36,50 m²
A40: ='Orçamento NÃO DESONERADO (2)'!A40 -> 4.9 | B40: ='Orçamento NÃO DESONERADO (2)'!D40 -> ALVENARIA DE BLOCOS DE CONCRETO ESTRUTURAL 14X19X39 CM (ESPESSURA 14 CM), FBK = 4,5 MPA, UTILIZANDO COLHER DE PEDREIRO. AF_10/2022 | C40: ='Orçamento NÃO DESONERADO (2)'!E40 -> m² | D40: ='Orçamento NÃO DESONERADO (2)'!F40 -> 18.25 | E40: MURETA 2 = ((9,50+27) *0.50)) = 18.25 m²
A41: ='Orçamento NÃO DESONERADO (2)'!A41 -> 4.10 | B41: ='Orçamento NÃO DESONERADO (2)'!D41 -> CERCA COM MOURÕES DE CONCRETO, RETO, H=3,00 M, ESPAÇAMENTO DE 2,5 M, CRAVADOS 0,5 M, COM 4 FIOS DE ARAME FARPADO Nº 14 OU 16 CLASSE 250 - FORNECIMENTO E INSTALAÇÃO. AF_12/2025 | C41: ='Orçamento NÃO DESONERADO (2)'!E41 -> M | D41: ='Orçamento NÃO DESONERADO (2)'!F41 -> 9.5 | E41: LARGURA DA MURETA 02 EM METRO LINEAR
A42: ='Orçamento NÃO DESONERADO (2)'!A42 -> 5 | B42: ='Orçamento NÃO DESONERADO (2)'!D42 -> MURETA 3
A43: ='Orçamento NÃO DESONERADO (2)'!A43 -> 5.1 | B43: ='Orçamento NÃO DESONERADO (2)'!D43 -> ESCAVAÇÃO MANUAL PARA VIGA BALDRAME OU SAPATA CORRIDA (INCLUINDO ESCAVAÇÃO PARA COLOCAÇÃO DE FÔRMAS). AF_01/2024 | C43: ='Orçamento NÃO DESONERADO (2)'!E43 -> m³ | D43: ='Orçamento NÃO DESONERADO (2)'!F43 -> 127.15 | E43: VIGA BALDRAME = (0,05 DE CONCRETO MAGRO + 0,40 DE PROFUNDIDADE ) * ( 0,20 DA LARGURA REAL + 0,50 DE FOLGA PARA COLOCAÇÃO DAS FORMAS, CONSIDERANDO 25 CM PARA CADA LADO) * COMPRIMENTO DA VIGA MURETA 03 (SAPATA CORRIDA - comprimento do terreno X (1.00m de largura + 0,50) X (0,05 + 1.20 m altura) (V1= ((0,05+1.20) * (0,50 + 1.00) * 11.35) =21,28 m³) + (V2= ((0,05 +1.20) *(0,50 + 1.00)* 23.10= 43,31 m³) + (V3=((0,05 +1.20)*(0,20 +1.00) *13.40)= 25,13 m³ (TOTAL=21,28+43,31+25,13=89,72 m³) EMPOLAMENTO 25% = 89,72*25% =112,15 m³+15,00 m³ = ((1,00X1,00X0,80XX25%)X15 SAPATA) = 127,15 m³
A44: ='Orçamento NÃO DESONERADO (2)'!A44 -> 5.2 | B44: ='Orçamento NÃO DESONERADO (2)'!D44 -> LASTRO DE CONCRETO MAGRO, APLICADO EM BLOCOS DE COROAMENTO OU SAPATAS, ESPESSURA DE 5 CM. AF_01/2024 | C44: ='Orçamento NÃO DESONERADO (2)'!E44 -> m² | D44: ='Orçamento NÃO DESONERADO (2)'!F44 -> 136.2 | E44: (COMP. * (LARG.) MURETA 3 = (SPC 1 = 11,35 * 1,00 = 11,35 m²) , (SPC 2 = 23,10 * 1,00 = 23,10 m², (SPC 3 = 13,40 * 1,00 = 13,40 m² ) TOTAL = 47,85 m² + 15,00 m² ((1,00x1,00)X15 sapata) = 62,85M² + 73,35 M² (PISO E CALÇADA DA CASA DE MÁQUINAS E MURETAS)
A45: ='Orçamento NÃO DESONERADO (2)'!A45 -> 5.3 | B45: ='Orçamento NÃO DESONERADO (2)'!D45 -> FABRICAÇÃO, MONTAGEM E DESMONTAGEM DE FÔRMA PARA SAPATA, EM MADEIRA SERRADA, E=25 MM, 2 UTILIZAÇÕES. AF_01/2024 | C45: ='Orçamento NÃO DESONERADO (2)'!E45 -> m² | D45: ='Orçamento NÃO DESONERADO (2)'!F45 -> 114.84 | E45: CÁLCULO: FÔRMAS = COMP DA VIGA * N° DE FACES * PROFUNDIDADE MURETA 03 = (SPC1 = 11,35* 2 * 1,20= 27,24 m²) + (SPC 2 = 23,10*2*1,20= 55,44 m²)+ (SPC 3 = 13,40*2*1,20= 32,16 m²) = 114,84 m²
A46: ='Orçamento NÃO DESONERADO (2)'!A46 -> 5.4 | B46: ='Orçamento NÃO DESONERADO (2)'!D46 -> ARMAÇÃO DE SAPATA ISOLADA, VIGA BALDRAME E SAPATA CORRIDA UTILIZANDO AÇO CA-60 DE 5 MM - MONTAGEM. AF_01/2024 | C46: ='Orçamento NÃO DESONERADO (2)'!E46 -> KG | D46: ='Orçamento NÃO DESONERADO (2)'!F46 -> 58.19 | E46: PARA O CÁLCULO FOU UTILIZADO ESPAÇAMEMTO DE 0,15 m E COBRIMENTO DE 0,03 m, ESTRIBO COM COMPRIMENTO DE 1,14 m CADA. CÁLCULO: COMPRIMENTO DO ESTRIBO(*QUIANTIDADE(COMPRIMENTO DA BARRA/ESPAÇAMENTO)) * PESO DA BARRA POR METRO). MURETA 3 (SPC1,SPC2 E SPC3) = SPC1 = ((1,14*(11,35/0,15)*0,16)= 13,80 KG /SPC2 = ((1,14*(23,10/0,15)*0,16)=28,10 KG/ SPC3 = ((1,14*(13,40/0,15)*0,16)= 16,29 KG TOTAL = 13,80 + 28,10 + 16,29 = 58,19 KG
A47: ='Orçamento NÃO DESONERADO (2)'!A47 -> 5.5 | B47: ='Orçamento NÃO DESONERADO (2)'!D47 -> ARMAÇÃO DE SAPATA ISOLADA, VIGA BALDRAME E SAPATA CORRIDA UTILIZANDO AÇO CA-50 DE 10 MM - MONTAGEM. AF_01/2024 | C47: ='Orçamento NÃO DESONERADO (2)'!E47 -> KG | D47: ='Orçamento NÃO DESONERADO (2)'!F47 -> 165 | E47: CÁLCULO: COMPRIMENTO * QUANTIDADE DE BARRAS POR VIGA * PESO POR METRO MURETA 3 = SPC1 = ((11,35*4*(0,63)) = 28,60 KG / SPC2 = ((23,10*4*(0,63)) = 58,21 KG / SPC1 = ((13,40*4*(0,63)) = 33,77 KG TOTAL: 28,60 + 58,21 + 33,77 = 120,58 KG (6 X 0,80 = 4,80 M X 0,617 = 2,9616 KG * 15 UNIDADES = 44,42KG = 162,69KG
A48: ='Orçamento NÃO DESONERADO (2)'!A48 -> 5.6 | B48: ='Orçamento NÃO DESONERADO (2)'!D48 -> CONCRETAGEM DE SAPATA CORRIDA, FCK 30 MPA, COM USO DE BOMBA - LANÇAMENTO, ADENSAMENTO E ACABAMENTO. AF_01/2024 | C48: ='Orçamento NÃO DESONERADO (2)'!E48 -> m³ | D48: ='Orçamento NÃO DESONERADO (2)'!F48 -> 57.42 | E48: CÁLCULO: (COMP. DAS SAPATAS * (LARG.DA VIGA )* ALTURA SPC1 = (11,35 * 1,00.1,20) = 13,62 m³ / SPC2 = (23,10 * 1,00.1,20) = 27,72 m³ / SPC3 = (13,40 * 1,00.1,20) = 16,08 m³ TOTAL = 13,62 + 27,72 + 16,08 = 57,42 m³
A49: ='Orçamento NÃO DESONERADO (2)'!A49 -> 5.7 | B49: ='Orçamento NÃO DESONERADO (2)'!D49 -> IMPERMEABILIZAÇÃO DE SUPERFÍCIE COM EMULSÃO ASFÁLTICA, 2 DEMÃOS. AF_09/2023 | C49: ='Orçamento NÃO DESONERADO (2)'!E49 -> m² | D49: ='Orçamento NÃO DESONERADO (2)'!F49 -> 162.69 | E49: IMPERMEABILIZAÇÃO SAPATAS CORRIDAS - PARA O CÁLCULO:(ALTURA*2 + LARGURA) * COMPRIMENTO DA VIGA. MURETA 3 = SPC1, SPC2 E SPC3 = SPC 1 = ((1,20 * 2 + 1,00) * 11,35) = 38,59 m² / SPC 2 = ((1,20 * 2 + 1,00) * 23,10) =78,54 m² / SPC 3 = ((1,20 * 2 + 1,00) * 13,40)= 45,56 m² (TOTAL = 38,59 + 78,54 + 45,56 = 162,69 M²)
A50: ='Orçamento NÃO DESONERADO (2)'!A50 -> 5.8 | B50: ='Orçamento NÃO DESONERADO (2)'!D50 -> EXECUÇÃO DE RADIER, ESPESSURA DE 15 CM, FCK = 30 MPA, COM USO DE FORMAS EM MADEIRA SERRADA. AF_09/2021 | C50: ='Orçamento NÃO DESONERADO (2)'!E50 -> m² | D50: ='Orçamento NÃO DESONERADO (2)'!F50 -> 14.44 | E50: 3,80 * 3,80 = 14,44 m²
A51: ='Orçamento NÃO DESONERADO (2)'!A51 -> 5.9 | B51: ='Orçamento NÃO DESONERADO (2)'!D51 -> MONTAGEM E DESMONTAGEM DE FÔRMA DE PILARES RETANGULARES E ESTRUTURAS SIMILARES, PÉ-DIREITO SIMPLES, EM MADEIRA SERRADA, 2 UTILIZAÇÕES. AF_09/2020 | C51: ='Orçamento NÃO DESONERADO (2)'!E51 -> m² | D51: ='Orçamento NÃO DESONERADO (2)'!F51 -> 54.9 | E51: PILAR = 30 X 30 = ÁREA DA FÔRMA = 2 * (ALTURA * LARGURA) + 2* (ALTURA * PROFUNDIDADE) ÁREA DA FÔRMA=2*(3,05 * 0,30)+ 2*(3,05 * 0,30) = 3,66 m² * 15 PILARES =54,90m²
A52: ='Orçamento NÃO DESONERADO (2)'!A52 -> 5.10 | B52: ='Orçamento NÃO DESONERADO (2)'!D52 -> ARMAÇÃO DE PILAR OU VIGA DE ESTRUTURA CONVENCIONAL DE CONCRETO ARMADO UTILIZANDO AÇO CA-60 DE 5,0 MM - MONTAGEM. AF_06/2022 | C52: ='Orçamento NÃO DESONERADO (2)'!E52 -> KG | D52: ='Orçamento NÃO DESONERADO (2)'!F52 -> 55.63 | E52: PARA O CÁLCULO FOU UTILIZADO ESPAÇAMEMTO DE 0,15 m E COBRIMENTO DE 0,03 m, ESTRIBO COM COMPRIMENTO DE 1,14 m CADA. CÁLCULO: COMPRIMENTO DO ESTRIBO(*QUIANTIDADE(COMPRIMENTO DA BARRA/ESPAÇAMENTO)) * PESO DA BARRA POR METRO). PILAR = ((1,14*(3,05/0,15)*0,16)= 3,71 KG * 15 PILARES = 55,63 KG
A53: ='Orçamento NÃO DESONERADO (2)'!A53 -> 5.11 | B53: ='Orçamento NÃO DESONERADO (2)'!D53 -> ARMAÇÃO DE PILAR OU VIGA DE ESTRUTURA CONVENCIONAL DE CONCRETO ARMADO UTILIZANDO AÇO CA-50 DE 12,5 MM - MONTAGEM. AF_06/2022 | C53: ='Orçamento NÃO DESONERADO (2)'!E53 -> KG | D53: ='Orçamento NÃO DESONERADO (2)'!F53 -> 266.78 | E53: CÁLCULO: COMPRIMENTO * QUANTIDADE DE BARRAS POR VIGA * PESO POR METRO MURETA 3 = SPC1 = (3,05*4*(1,00)) = 12,20 KG * 15 PILARES = 183 KG + (1,45 X 4,0 = 5,80 M X 0,963 = 5,5854 KG * 15 UNIDADES = 83,78 KG = 266,78 KG
A54: ='Orçamento NÃO DESONERADO (2)'!A54 -> 5.12 | B54: ='Orçamento NÃO DESONERADO (2)'!D54 -> CONCRETAGEM DE PILARES, FCK = 25 MPA, COM USO DE BOMBA - LANÇAMENTO, ADENSAMENTO E ACABAMENTO. AF_02/2022_PS | C54: ='Orçamento NÃO DESONERADO (2)'!E54 -> m³ | D54: ='Orçamento NÃO DESONERADO (2)'!F54 -> 5.07 | E54: CÁLCULO: (COMP. DOS PILARES * (LARG. )* ALTURA PILAR = 0,30 * 0,30 * 3,05 = 0,27 m³ * 15 PILARES = 4,12 m³ + (0,30*0,30*0,70 = 0,0,063M³ * 15 UNIDADES = 0,95M³ = 5,07M³
A55: ='Orçamento NÃO DESONERADO (2)'!A55 -> 5.13 | B55: ='Orçamento NÃO DESONERADO (2)'!D55 -> CONCRETAGEM DE SAPATA, FCK 30 MPA, COM USO DE BOMBA - LANÇAMENTO, ADENSAMENTO E ACABAMENTO. AF_01/2024 | C55: ='Orçamento NÃO DESONERADO (2)'!E55 -> m³ | D55: ='Orçamento NÃO DESONERADO (2)'!F55 -> 1.62 | E55: 0,60*0,60*0,30 = 0,108M³ * 15 UNIDADES = 1,62M³
A56: ='Orçamento NÃO DESONERADO (2)'!A56 -> 6 | B56: ='Orçamento NÃO DESONERADO (2)'!D56 -> LAJE - CASA DE MÁQUINA - MURETA 3
A57: ='Orçamento NÃO DESONERADO (2)'!A57 -> 6.1 | B57: ='Orçamento NÃO DESONERADO (2)'!D57 -> LAJE PRÉ-MOLDADA UNIDIRECIONAL, BIAPOIADA, PARA FORRO, ENCHIMENTO EM CERÂMICA, VIGOTA CONVENCIONAL, ALTURA TOTAL DA LAJE "LT" = 12 CM (ENCHIMENTO+CAPA) = (8+4). AF_08/2025 | C57: ='Orçamento NÃO DESONERADO (2)'!E57 -> m² | D57: ='Orçamento NÃO DESONERADO (2)'!F57 -> 21.16 | E57: 4,60 * 4,60 = 21,16 m²
A58: ='Orçamento NÃO DESONERADO (2)'!A58 -> 6.2 | B58: ='Orçamento NÃO DESONERADO (2)'!D58 -> IMPERMEABILIZAÇÃO DE SUPERFÍCIE COM MANTA ASFÁLTICA, UMA CAMADA, INCLUSIVE APLICAÇÃO DE PRIMER ASFÁLTICO, E=4MM. AF_09/2023 | C58: ='Orçamento NÃO DESONERADO (2)'!E58 -> m² | D58: ='Orçamento NÃO DESONERADO (2)'!F58 -> 21.16 | E58: 4,60 * 4,60 = 21,16 m²
A59: ='Orçamento NÃO DESONERADO (2)'!A59 -> 6.3 | B59: ='Orçamento NÃO DESONERADO (2)'!D59 -> PROTEÇÃO MECÂNICA DE SUPERFICIE HORIZONTAL COM ARGAMASSA DE CIMENTO E AREIA, TRAÇO 1:3, E=3CM. AF_09/2023 | C59: ='Orçamento NÃO DESONERADO (2)'!E59 -> m² | D59: ='Orçamento NÃO DESONERADO (2)'!F59 -> 21.16 | E59: 4,60 * 4,60 = 21,16 m²
A60: ='Orçamento NÃO DESONERADO (2)'!A60 -> 6.4 | B60: ='Orçamento NÃO DESONERADO (2)'!D60 -> CALHA EM CHAPA DE AÇO GALVANIZADO NÚMERO 24, DESENVOLVIMENTO DE 50 CM, INCLUSO TRANSPORTE VERTICAL. AF_07/2019 | C60: ='Orçamento NÃO DESONERADO (2)'!E60 -> M | D60: ='Orçamento NÃO DESONERADO (2)'!F60 -> 4.6 | E60: Metro linear da calha = 4,60 m
A61: ='Orçamento NÃO DESONERADO (2)'!A61 -> 7 | B61: ='Orçamento NÃO DESONERADO (2)'!D61 -> ALVENARIA - MURETA 3 E CASA DE MÁQUINAS
A62: ='Orçamento NÃO DESONERADO (2)'!A62 -> 7.1 | B62: ='Orçamento NÃO DESONERADO (2)'!D62 -> ALVENARIA DE BLOCOS DE CONCRETO ESTRUTURAL 14X19X39 CM (ESPESSURA 14 CM), FBK = 4,5 MPA, UTILIZANDO COLHER DE PEDREIRO. AF_10/2022 | C62: ='Orçamento NÃO DESONERADO (2)'!E62 -> m² | D62: ='Orçamento NÃO DESONERADO (2)'!F62 -> 169.57 | E62: PERÍMETRO * ALTURA MURETA 3 =LAT.ESQ.((11,35-(0,30 * 4)) * 2,90 = 29,43 m²) / LAT. DIR. ((13,40 - (0,30 * 5)) * 2,90 = 34,51 m²) / FRONTAL. ((23,10-(0,30*8)) * 2,90 = 60,03 m² CASA DA MÁQUINAS = ((3,80 +3,80 +3,80 +3,80) * 3 ) = 45,60 m² TOTAL = 29,43+34,51+60,03+45,60 = 169,57 m²
A63: ='Orçamento NÃO DESONERADO (2)'!A63 -> 7.2 | B63: ='Orçamento NÃO DESONERADO (2)'!D63 -> VERGA PRÉ-MOLDADA COM ATÉ 1,5 M DE VÃO, ESPESSURA DE *20* CM. AF_03/2024 | C63: ='Orçamento NÃO DESONERADO (2)'!E63 -> M | D63: ='Orçamento NÃO DESONERADO (2)'!F63 -> 3.36 | E63: VÃO * QUANTIDADE = + 20% EM CADA EXTREMIDADE =0,60* 4 = 2,40 + 20% EM CADA EXTREMIDADE = 3,36 m
A64: ='Orçamento NÃO DESONERADO (2)'!A64 -> 7.3 | B64: ='Orçamento NÃO DESONERADO (2)'!D64 -> CONTRAVERGA PRÉ-MOLDADA, ESPESSURA DE *20* CM. AF_03/2024 | C64: ='Orçamento NÃO DESONERADO (2)'!E64 -> M | D64: ='Orçamento NÃO DESONERADO (2)'!F64 -> 3.36 | E64: VÃO * QUANTIDADE = + 20% EM CADA EXTREMIDADE =0,60* 4 = 2,40 + 20% EM CADA EXTREMIDADE = 3,36 m
A65: ='Orçamento NÃO DESONERADO (2)'!A65 -> 7.4 | B65: ='Orçamento NÃO DESONERADO (2)'!D65 -> IMPERMEABILIZAÇÃO DE SUPERFÍCIE COM EMULSÃO ASFÁLTICA, 2 DEMÃOS. AF_09/2023 | C65: ='Orçamento NÃO DESONERADO (2)'!E65 -> m² | D65: ='Orçamento NÃO DESONERADO (2)'!F65 -> 424.11 | E65: IMPERMEABILIZAÇÃO DAS ALVENARIAS MURETA 01 ,02 E 03. CÁLCULO:(ALTURA*2 + LARGURA) * COMPRIMENTO. MURETA 1 = (3*((0,50*2+0,15)*22) = 75,90 m² MURETA 2 =((0,50*2+0,15)*9,50) =10,92 m² / ((0,50*2+0,15)*27) =31,05 m² MURETA 3 = ALV1,ALV2 EALV3 = ALV 1 = ((3,05 * 2 + 0,30) * 11,35) = 72,64m² / ALV 2 = ((3,05 * 2 + 0,30) * 23,10) =147,84 m² / ALV 3 = ((3,05 * 2 + 0,30) * 13,40)= 85,76 m² (TOTAL = 75,90 + 10,92 + 31,05 + 72,64 + 147,84 + 85,76 = 424,11 m²
A66: ='Orçamento NÃO DESONERADO (2)'!A66 -> 7.5 | B66: ='Orçamento NÃO DESONERADO (2)'!D66 -> CINTA DE AMARRAÇÃO DE ALVENARIA MOLDADA IN LOCO COM UTILIZAÇÃO DE BLOCOS CANALETA, ESPESSURA DE *15* CM. AF_03/2024 | C66: ='Orçamento NÃO DESONERADO (2)'!E66 -> M | D66: ='Orçamento NÃO DESONERADO (2)'!F66 -> 110.9 | E66: MURETA 3 (11,35 + 23,10 + 13,40) = 47,85 m* 2 = 95,7 m (CONSIDERAR CINTA DE AMARRAÇÃO INTERMEDIÁRIA E NA FIADA FINAL) (CASA DE MÁQUINAS = 3,80 + 3,80 + 3,80 + 3,80 = 15,20 m )
A67: ='Orçamento NÃO DESONERADO (2)'!A67 -> 8 | B67: ='Orçamento NÃO DESONERADO (2)'!D67 -> PISO - CASA DE MÁQUINA
A68: ='Orçamento NÃO DESONERADO (2)'!A68 -> 8.1 | B68: ='Orçamento NÃO DESONERADO (2)'!D68 -> CONTRAPISO EM ARGAMASSA TRAÇO 1:4 (CIMENTO E AREIA), PREPARO MANUAL, APLICADO EM ÁREAS SECAS SOBRE LAJE, NÃO ADERIDO, ACABAMENTO NÃO REFORÇADO, ESPESSURA 5CM. AF_07/2021 | C68: ='Orçamento NÃO DESONERADO (2)'!E68 -> m² | D68: ='Orçamento NÃO DESONERADO (2)'!F68 -> 73.35 | E68: AMBIENTE = ÁREA TOTAL = (3,80*3,80 )= 14,44 m² - Descontar da área de projeção das paredes (4 * 0,15 * 3,.80 = 2,28 m²) = 14,44 - 2,28 = 12,16 m² + calçada da casa de máquina e muretas = (61,19 m * 1,00) = 61,19 m² + 12,16m² = 73,35m²
A69: ='Orçamento NÃO DESONERADO (2)'!A69 -> 8.2 | B69: ='Orçamento NÃO DESONERADO (2)'!D69 -> REVESTIMENTO CERÂMICO PARA PISO COM PLACAS TIPO ESMALTADA DE DIMENSÕES 60X60 CM APLICADA EM AMBIENTES DE ÁREA MAIOR QUE 10 M2. AF_02/2023_PE | C69: ='Orçamento NÃO DESONERADO (2)'!E69 -> m² | D69: ='Orçamento NÃO DESONERADO (2)'!F69 -> 14.44 | E69: ÁREA = 3,80 * 3,80 = 14,44 m²
A70: ='Orçamento NÃO DESONERADO (2)'!A70 -> 9 | B70: ='Orçamento NÃO DESONERADO (2)'!D70 -> ESQUADRIAS - CASA DE MÁQUINA
A71: ='Orçamento NÃO DESONERADO (2)'!A71 -> 9.1 | B71: ='Orçamento NÃO DESONERADO (2)'!D71 -> CAIXILHO FIXO DE ALUMÍNIO PARA VIDRO (VIDRO INCLUSO), BATENTE/ REQUADRO DE 4 A 14 CM, SEM GUARNIÇÃO/ ALIZAR, FIXAÇÃO COM PARAFUSOS, VEDAÇÃO COM SILICONE, EXCLUSIVE CONTRAMARCO - FORNECIMENTO E INSTALAÇÃO. AF_11/2024 | C71: ='Orçamento NÃO DESONERADO (2)'!E71 -> m² | D71: ='Orçamento NÃO DESONERADO (2)'!F71 -> 0.48 | E71: ÁREA = 4 * (0,60 * 0,20 ) = 0,48 m²
A72: ='Orçamento NÃO DESONERADO (2)'!A72 -> 9.2 | B72: ='Orçamento NÃO DESONERADO (2)'!D72 -> GUARNIÇÃO DE ALUMÍNIO. AF_11/2024 | C72: ='Orçamento NÃO DESONERADO (2)'!E72 -> M | D72: ='Orçamento NÃO DESONERADO (2)'!F72 -> 6.4 | E72: PERIMETRO = 4*(0,6+0,6+0,2+0,2) = 6,4 m
A73: ='Orçamento NÃO DESONERADO (2)'!A73 -> 9.3 | B73: ='Orçamento NÃO DESONERADO (2)'!D73 -> PORTA EM ALUMÍNIO DE ABRIR TIPO VENEZIANA COM GUARNIÇÃO, FIXAÇÃO COM PARAFUSOS - FORNECIMENTO E INSTALAÇÃO. AF_10/2025 | C73: ='Orçamento NÃO DESONERADO (2)'!E73 -> m² | D73: ='Orçamento NÃO DESONERADO (2)'!F73 -> 1.72 | E73: ÁREA = 2,10 * 0,82 = 1,72 m²
A74: ='Orçamento NÃO DESONERADO (2)'!A74 -> 9.4 | B74: ='Orçamento NÃO DESONERADO (2)'!D74 -> PORTA DE FERRO, DE ABRIR, TIPO GRADE COM CHAPA, COM GUARNIÇÕES. AF_10/2025 | C74: ='Orçamento NÃO DESONERADO (2)'!E74 -> m² | D74: ='Orçamento NÃO DESONERADO (2)'!F74 -> 2.4 | E74: ÁREA = 2,4*1,0 = 2,4M²
A75: ='Orçamento NÃO DESONERADO (2)'!A75 -> 9.5 | B75: ='Orçamento NÃO DESONERADO (2)'!D75 -> GRADIL EM ALUMÍNIO FIXADO EM VÃOS DE JANELAS, FORMADO POR TUBOS DE 3/4". AF_10/2025 | C75: ='Orçamento NÃO DESONERADO (2)'!E75 -> m² | D75: ='Orçamento NÃO DESONERADO (2)'!F75 -> 1.28 | E75: ÁREA = 4 * (0,76 * 0,42 ) = 1,28 m²
A76: ='Orçamento NÃO DESONERADO (2)'!A76 -> 10 | B76: ='Orçamento NÃO DESONERADO (2)'!D76 -> INSTALAÇÕES ELÉTRICAS - CASA DE MÁQUINA
A77: ='Orçamento NÃO DESONERADO (2)'!A77 -> 10.1 | B77: ='Orçamento NÃO DESONERADO (2)'!D77 -> TOMADA BAIXA DE EMBUTIR (2 MÓDULOS), 2P+T 10 A, SEM SUPORTE E SEM PLACA - FORNECIMENTO E INSTALAÇÃO. AF_03/2023 | C77: ='Orçamento NÃO DESONERADO (2)'!E77 -> UN | D77: ='Orçamento NÃO DESONERADO (2)'!F77 -> 1 | E77: CONFORME PROJETO
A78: ='Orçamento NÃO DESONERADO (2)'!A78 -> 10.2 | B78: ='Orçamento NÃO DESONERADO (2)'!D78 -> INTERRUPTOR SIMPLES (1 MÓDULO), 10A/250V, INCLUINDO SUPORTE E PLACA - FORNECIMENTO E INSTALAÇÃO. AF_03/2023 | C78: ='Orçamento NÃO DESONERADO (2)'!E78 -> UN | D78: ='Orçamento NÃO DESONERADO (2)'!F78 -> 1 | E78: CONFORME PROJETO
A79: ='Orçamento NÃO DESONERADO (2)'!A79 -> 10.3 | B79: ='Orçamento NÃO DESONERADO (2)'!D79 -> LUMINÁRIA TIPO PLAFON CIRCULAR, DE SOBREPOR, COM LED DE 12/13 W - FORNECIMENTO E INSTALAÇÃO. AF_09/2024 | C79: ='Orçamento NÃO DESONERADO (2)'!E79 -> UN | D79: ='Orçamento NÃO DESONERADO (2)'!F79 -> 2 | E79: CONFORME PROJETO
A80: ='Orçamento NÃO DESONERADO (2)'!A80 -> 10.4 | B80: ='Orçamento NÃO DESONERADO (2)'!D80 -> CAIXA RETANGULAR 4" X 2" BAIXA (0,30 M DO PISO), PVC, INSTALADA EM PAREDE - FORNECIMENTO E INSTALAÇÃO. AF_03/2023 | C80: ='Orçamento NÃO DESONERADO (2)'!E80 -> UN | D80: ='Orçamento NÃO DESONERADO (2)'!F80 -> 2 | E80: CONFORME PROJETO
A81: ='Orçamento NÃO DESONERADO (2)'!A81 -> 10.5 | B81: ='Orçamento NÃO DESONERADO (2)'!D81 -> CAIXA RETANGULAR 4" X 2" MÉDIA (1,30 M DO PISO), PVC, INSTALADA EM PAREDE - FORNECIMENTO E INSTALAÇÃO. AF_03/2023 | C81: ='Orçamento NÃO DESONERADO (2)'!E81 -> UN | D81: ='Orçamento NÃO DESONERADO (2)'!F81 -> 1 | E81: CONFORME PROJETO
A82: ='Orçamento NÃO DESONERADO (2)'!A82 -> 10.6 | B82: ='Orçamento NÃO DESONERADO (2)'!D82 -> CAIXA OCTOGONAL 4" X 4", PVC, INSTALADA EM LAJE - FORNECIMENTO E INSTALAÇÃO. AF_03/2023 | C82: ='Orçamento NÃO DESONERADO (2)'!E82 -> UN | D82: ='Orçamento NÃO DESONERADO (2)'!F82 -> 2 | E82: CONFORME PROJETO
A83: ='Orçamento NÃO DESONERADO (2)'!A83 -> 10.7 | B83: ='Orçamento NÃO DESONERADO (2)'!D83 -> QUADRO DE DISTRIBUIÇÃO DE LUZ EMBUTIR ATÉ 12 DIVISÕES 207X332X95mm, C/BARRAMENTO | C83: ='Orçamento NÃO DESONERADO (2)'!E83 -> UN | D83: ='Orçamento NÃO DESONERADO (2)'!F83 -> 1 | E83: CONFORME PROJETO
A84: ='Orçamento NÃO DESONERADO (2)'!A84 -> 10.8 | B84: ='Orçamento NÃO DESONERADO (2)'!D84 -> HASTE DE ATERRAMENTO, DIÂMETRO 3/4", COM 3 METROS - FORNECIMENTO E INSTALAÇÃO. AF_08/2023 | C84: ='Orçamento NÃO DESONERADO (2)'!E84 -> UN | D84: ='Orçamento NÃO DESONERADO (2)'!F84 -> 2 | E84: CONFORME PROJETO
A85: ='Orçamento NÃO DESONERADO (2)'!A85 -> 10.9 | B85: ='Orçamento NÃO DESONERADO (2)'!D85 -> CABO DE COBRE FLEXÍVEL ISOLADO, 1,5 MM², ANTI-CHAMA 450/750 V, PARA CIRCUITOS TERMINAIS - FORNECIMENTO E INSTALAÇÃO. AF_03/2023 | C85: ='Orçamento NÃO DESONERADO (2)'!E85 -> M | D85: ='Orçamento NÃO DESONERADO (2)'!F85 -> 21 | E85: CONFORME PROJETO
A86: ='Orçamento NÃO DESONERADO (2)'!A86 -> 10.10 | B86: ='Orçamento NÃO DESONERADO (2)'!D86 -> CABO DE COBRE FLEXÍVEL ISOLADO, 2,5 MM², ANTI-CHAMA 450/750 V, PARA CIRCUITOS TERMINAIS - FORNECIMENTO E INSTALAÇÃO. AF_03/2023 | C86: ='Orçamento NÃO DESONERADO (2)'!E86 -> M | D86: ='Orçamento NÃO DESONERADO (2)'!F86 -> 20 | E86: CONFORME PROJETO
A87: ='Orçamento NÃO DESONERADO (2)'!A87 -> 10.11 | B87: ='Orçamento NÃO DESONERADO (2)'!D87 -> CABO DE COBRE FLEXÍVEL ISOLADO, 4 MM², ANTI-CHAMA 450/750 V, PARA CIRCUITOS TERMINAIS - FORNECIMENTO E INSTALAÇÃO. AF_03/2023 | C87: ='Orçamento NÃO DESONERADO (2)'!E87 -> M | D87: ='Orçamento NÃO DESONERADO (2)'!F87 -> 39 | E87: CONFORME PROJETO
A88: ='Orçamento NÃO DESONERADO (2)'!A88 -> 10.12 | B88: ='Orçamento NÃO DESONERADO (2)'!D88 -> CABO DE COBRE FLEXÍVEL ISOLADO, 6 MM², ANTI-CHAMA 0,6/1,0 KV, PARA CIRCUITOS TERMINAIS - FORNECIMENTO E INSTALAÇÃO. AF_03/2023 | C88: ='Orçamento NÃO DESONERADO (2)'!E88 -> M | D88: ='Orçamento NÃO DESONERADO (2)'!F88 -> 40 | E88: CONFORME PROJETO
... A99: ='Orçamento NÃO DESONERADO (2)'!A99 -> 10.23 | B99: ='Orçamento NÃO DESONERADO (2)'!D99 -> POSTE DE AÇO CÔNICO CONTÍNUO CURVO DUPLO, ENGASTAMENTO SIMPLES COM 1 M DE SOLO, H=9M - FORNECIMENTO E INSTALAÇÃO. AF_04/2025 | C99: ='Orçamento NÃO DESONERADO (2)'!E99 -> UN | D99: ='Orçamento NÃO DESONERADO (2)'!F99 -> 7 | E99: CONFORME PROJETO
A100: ='Orçamento NÃO DESONERADO (2)'!A100 -> 11 | B100: ='Orçamento NÃO DESONERADO (2)'!D100 -> INSTALAÇÕES HIDRÁULICAS - CASA DE MÁQUINA
A101: ='Orçamento NÃO DESONERADO (2)'!A101 -> 11.1 | B101: ='Orçamento NÃO DESONERADO (2)'!D101 -> ADAPTADOR COM FLANGES LIVRES, PVC, SOLDÁVEL, DN 110 MM X 4", INSTALADO EM RESERVAÇÃO PREDIAL DE ÁGUA - FORNECIMENTO E INSTALAÇÃO. AF_04/2024 | C101: ='Orçamento NÃO DESONERADO (2)'!E101 -> UN | D101: ='Orçamento NÃO DESONERADO (2)'!F101 -> 10 | E101: CONFORME PROJETO
A102: ='Orçamento NÃO DESONERADO (2)'!A102 -> 11.2 | B102: ='Orçamento NÃO DESONERADO (2)'!D102 -> LUVA SOLDÁVEL E COM ROSCA, PVC, SOLDÁVEL, DN 32MM X 1, INSTALADO EM RAMAL OU SUB-RAMAL DE ÁGUA - FORNECIMENTO E INSTALAÇÃO. AF_06/2022 | C102: ='Orçamento NÃO DESONERADO (2)'!E102 -> UN | D102: ='Orçamento NÃO DESONERADO (2)'!F102 -> 2 | E102: CONFORME PROJETO
A103: ='Orçamento NÃO DESONERADO (2)'!A103 -> 11.3 | B103: ='Orçamento NÃO DESONERADO (2)'!D103 -> LUVA COM ROSCA, PVC, SOLDÁVEL, DN 40MM X 1.1/4", INSTALADO EM RAMAL DE DISTRIBUIÇÃO DE ÁGUA - FORNECIMENTO E INSTALAÇÃO. AF_06/2022 | C103: ='Orçamento NÃO DESONERADO (2)'!E103 -> UN | D103: ='Orçamento NÃO DESONERADO (2)'!F103 -> 4 | E103: CONFORME PROJETO
A104: ='Orçamento NÃO DESONERADO (2)'!A104 -> 11.4 | B104: ='Orçamento NÃO DESONERADO (2)'!D104 -> LUVA DE REDUÇÃO, PVC, SOLDÁVEL, DN 40MM X 32MM, INSTALADO EM PRUMADA DE ÁGUA - FORNECIMENTO E INSTALAÇÃO. AF_06/2022 | C104: ='Orçamento NÃO DESONERADO (2)'!E104 -> UN | D104: ='Orçamento NÃO DESONERADO (2)'!F104 -> 1 | E104: CONFORME PROJETO
A105: ='Orçamento NÃO DESONERADO (2)'!A105 -> 11.5 | B105: ='Orçamento NÃO DESONERADO (2)'!D105 -> BUCHA DE REDUÇÃO, PVC, SOLDÁVEL, DN 40MM X 32MM, INSTALADO EM RAMAL DE DISTRIBUIÇÃO DE ÁGUA - FORNECIMENTO E INSTALAÇÃO. AF_06/2022 | C105: ='Orçamento NÃO DESONERADO (2)'!E105 -> UN | D105: ='Orçamento NÃO DESONERADO (2)'!F105 -> 4 | E105: CONFORME PROJETO
A106: ='Orçamento NÃO DESONERADO (2)'!A106 -> 11.6 | B106: ='Orçamento NÃO DESONERADO (2)'!D106 -> Bucha de redução curta de pvc rígido soldável, marrom, diâm = 50 x 40mm | C106: ='Orçamento NÃO DESONERADO (2)'!E106 -> un | D106: ='Orçamento NÃO DESONERADO (2)'!F106 -> 2 | E106: CONFORME PROJETO
A107: ='Orçamento NÃO DESONERADO (2)'!A107 -> 11.7 | B107: ='Orçamento NÃO DESONERADO (2)'!D107 -> REDUÇÃO EXCÊNTRICA, PVC, SERIE R, ÁGUA PLUVIAL, DN 75 X 50 MM, JUNTA ELÁSTICA, FORNECIDO E INSTALADO EM RAMAL DE ENCAMINHAMENTO. AF_06/2022 | C107: ='Orçamento NÃO DESONERADO (2)'!E107 -> UN | D107: ='Orçamento NÃO DESONERADO (2)'!F107 -> 1 | E107: CONFORME PROJETO
A108: ='Orçamento NÃO DESONERADO (2)'!A108 -> 11.8 | B108: ='Orçamento NÃO DESONERADO (2)'!D108 -> TE REDUCAO PVC SOLDAVEL DE 110X75MM PARA AGUA FRIA | C108: ='Orçamento NÃO DESONERADO (2)'!E108 -> UN | D108: ='Orçamento NÃO DESONERADO (2)'!F108 -> 1 | E108: CONFORME PROJETO
A109: ='Orçamento NÃO DESONERADO (2)'!A109 -> 11.9 | B109: ='Orçamento NÃO DESONERADO (2)'!D109 -> BUCHA REDUÇÃO PVC ROSC. D=2 1/2"X1 1/4" (75X40mm) | C109: ='Orçamento NÃO DESONERADO (2)'!E109 -> UN | D109: ='Orçamento NÃO DESONERADO (2)'!F109 -> 1 | E109: CONFORME PROJETO
A110: ='Orçamento NÃO DESONERADO (2)'!A110 -> 11.10 | B110: ='Orçamento NÃO DESONERADO (2)'!D110 -> REDUÇÃO EXCÊNTRICA PVC BRANCO REFORÇADO D=100X75mm (4"X3") | C110: ='Orçamento NÃO DESONERADO (2)'!E110 -> UN | D110: ='Orçamento NÃO DESONERADO (2)'!F110 -> 1 | E110: CONFORME PROJETO
...

Sheet CRONOGRAMA Ñ DES.
B1: ='Orçamento NÃO DESONERADO (2)'!D2 -> CONTRATAÇÃO DE EMPRESA ESPECIALIZADA EM ENGENHARIA PARA EXECUÇÃO DE MURETAS PARA CONTENÇÃO E ISOLAMENTO DO RESERVATÓRIO DE ÁGUA DO POVOADO DE SÃO LOURENÇO, DISTRITO DE GOIANA/PE.
A3: Cronograma Físico e Financeiro
A4: ITEM | B4: DISCRIMINAÇÃO DOS SERVIÇOS | G4: VALOR DA | H4: PERCENT | I4: PERÍODO:
G5: ETAPA(R$) | H5: % | I5: 30 DIAS | J5: 60 DIAS | K5: 90 DIAS | L5: 120 DIAS
H6: =G7/$G$42 -> 0.077786676 | I6: 0.237 | J6: 0.151 | K6: 0.27 | L6: 0.342 | N6: =SUM(I6:L6) -> 1
A7: 1.0 | B7: ADMINISTRAÇÃO LOCAL | G7: ='Orçamento NÃO DESONERADO (2)'!I5 -> 42375.87 | N7: =SUM(I7:L7) -> 0 | O7: =G7=N8 -> TRUE
I8: =ROUND(G7*$I$6,2) -> 10043.08 | J8: =ROUND(G7*J6,2) -> 6398.76 | K8: =ROUND(G7*K6,2) -> 11441.48 | L8: =ROUND(G7*L6,2) -> 14492.55 | N8: =SUM(I8:L8) -> 42375.87
H9: =G10/$G$42 -> 0.1853256 | I9: 1 | N9: =SUM(I9:L9) -> 1
A10: 2.0 | B10: SERVIÇOS PRELIMINARES | G10: ='Orçamento NÃO DESONERADO (2)'!I8 -> 100959.88 | N10: =SUM(I10:L10) -> 0 | O10: =G10=N11 -> TRUE
I11: =ROUND(G10*I9,2) -> 100959.88 | N11: =SUM(I11:L11) -> 100959.88
H12: =G13/$G$42 -> 0.082302267 | I12: 0.45 | J12: 0.55 | N12: =SUM(I12:L12) -> 1
A13: 3.0 | B13: MURETA 1 | G13: ='Orçamento NÃO DESONERADO (2)'!I21 -> 44835.83 | N13: =SUM(I13:L13) -> 0 | O13: =G13=N14 -> TRUE | V13: ADMINISTRAÇÃO LOCAL
I14: =ROUND(G13*I12,2) -> 20176.12 | J14: =ROUND(G13*J12,2) -> 24659.71 | N14: =SUM(I14:L14) -> 44835.83 | V14: SERVIÇOS PRELIMINARES
H15: =G16/$G$42 -> 0.04677421 | I15: 0.15 | J15: 0.41 | K15: 0.44 | N15: =SUM(I15:L15) -> 1 | V15: MURETA 1
A16: 4.0 | B16: MURETA 2 | G16: ='Orçamento NÃO DESONERADO (2)'!I31 -> 25481.2 | N16: =SUM(I16:L16) -> 0 | O16: =G16=N17 -> TRUE | V16: MURETA 2
I17: =ROUND(G16*I15,2) -> 3822.18 | J17: =ROUND(G16*J15,2) -> 10447.29 | K17: =ROUND(G16*K15,2) -> 11211.73 | N17: =SUM(I17:L17) -> 25481.2 | V17: MURETA 3
H18: =G19/$G$42 -> 0.26889622 | J18: 0.21 | K18: 0.39 | L18: 0.4 | N18: =SUM(I18:L18) -> 1 | V18: LAJE - CASA DE MÁQUINA
A19: 5.0 | B19: MURETA 3 | G19: ='Orçamento NÃO DESONERADO (2)'!I42 -> 146486.67 | N19: =SUM(I19:L19) -> 0 | O19: =G19=N20 -> TRUE | V19: ALVENARIA - MURETA 3 E CASA DE MÁQUINAS
J20: =ROUND(G19*J18,2) -> 30762.2 | K20: =ROUND(G19*K18,2) -> 57129.8 | L20: =ROUND(L18*G19,2) -> 58594.67 | N20: =SUM(I20:L20) -> 146486.67 | V20: PISO - CASA DE MÁQUINAS
H21: =G22/$G$42 -> 0.01807303 | K21: 1 | N21: =SUM(I21:L21) -> 1 | V21: ESQUADRIAS- CASA DE MÁQUINAS
A22: 6.0 | B22: LAJE - CASA DE MÁQUINA | G22: ='Orçamento NÃO DESONERADO (2)'!I56 -> 9845.65 | N22: =SUM(I22:L22) -> 0 | O22: =G22=N23 -> TRUE | V22: INST.ELÉTRICAS- CASA DE MÁQUINAS
K23: =ROUND(K21*G22,2) -> 9845.65 | N23: =SUM(I23:L23) -> 9845.65 | V23: INST. HIDRÁULICAS - CASA DE MÁQUINAS
H24: =G25/$G$42 -> 0.097209743 | J24: 0.2 | K24: 0.615 | L24: 0.185 | N24: =SUM(I24:L24) -> 1 | V24: SERVIÇOS FINAIS
A25: 7.0 | B25: ALVENARIA - MURETA 3 E CASA DE MÁQUINAS | G25: ='Orçamento NÃO DESONERADO (2)'!I61 -> 52956.98 | N25: =SUM(I25:L25) -> 0 | O25: =G25=N26 -> TRUE
J26: =ROUND(J24*G25,2) -> 10591.4 | K26: =ROUND(G25*K24,2) -> 32568.54 | L26: =ROUND(G25*L24,2) -> 9797.04 | N26: =SUM(I26:L26) -> 52956.98
H27: =G28/$G$42 -> 0.012350178 | L27: 1 | N27: =SUM(I27:L27) -> 1
A28: 8.0 | B28: PISO - CASA DE MÁQUINAS | G28: ='Orçamento NÃO DESONERADO (2)'!I67 -> 6728.01 | N28: =SUM(I28:L28) -> 0 | O28: =G28=N29 -> TRUE
L29: =ROUND(G28*L27,2) -> 6728.01 | N29: =SUM(I29:L29) -> 6728.01
H30: =G31/$G$42 -> 0.0079024133 | L30: 1 | N30: =SUM(I30:L30) -> 1
A31: 9.0 | B31: ESQUADRIAS- CASA DE MÁQUINAS | G31: ='Orçamento NÃO DESONERADO (2)'!I70 -> 4305 | N31: =SUM(I31:L31) -> 0 | O31: =G31=N32 -> TRUE
L32: =ROUND(G31*L30,2) -> 4305 | N32: =SUM(I32:L32) -> 4305
H33: =G34/$G$42 -> 0.053259219 | K33: 0.3 | L33: 0.7 | N33: =SUM(I33:L33) -> 1
A34: 10.0 | B34: INST.ELÉTRICAS- CASA DE MÁQUINAS | G34: ='Orçamento NÃO DESONERADO (2)'!I76 -> 29014.04 | N34: =SUM(I34:L34) -> 0 | O34: =G34=N35 -> TRUE
K35: =ROUND(K33*G34,2) -> 8704.21 | L35: =ROUND(G34*L33,2) -> 20309.83 | N35: =SUM(I35:L35) -> 29014.04
H36: =G37/$G$42 -> 0.11574445 | K36: 0.2 | L36: 0.8 | N36: =SUM(I36:L36) -> 1
A37: 11.0 | B37: INST. HIDRÁULICAS - CASA DE MÁQUINAS | G37: ='Orçamento NÃO DESONERADO (2)'!I100 -> 63054.14 | N37: =SUM(I37:L37) -> 0 | O37: =G37=N38 -> TRUE
K38: =ROUND(K36*G37,2) -> 12610.83 | L38: =ROUND(G37*L36,2) -> 50443.31 | N38: =SUM(I38:L38) -> 63054.14
H39: =G40/$G$42 -> 0.034375994 | L39: 1 | N39: =SUM(I39:L39) -> 1
A40: 12.0 | B40: SERVIÇOS FINAIS | G40: ='Orçamento NÃO DESONERADO (2)'!I135 -> 18727.02 | N40: =SUM(I40:L40) -> 0 | O40: =G40=N41 -> TRUE
L41: =ROUND(G40*L39,2) -> 18727.02 | N41: =SUM(I41:L41) -> 18727.02
B42: TOTAL GERAL | G42: =SUM(G7:G41) -> 544770.29 | H42: =SUM(H6:H41) -> 1
A43: VALOR MENSAL (R$) | I43: =SUM(I8+I11+I14+I17) -> 135001.26 | J43: =SUM(J8+J14+J17+J20+J26) -> 82859.36 | K43: =SUM(K8+K17+K20+K23+K26+K35+K38) -> 143512.24 | L43: =SUM(L8+L20+L26+L29+L32+L35+L38+L41) -> 183397.43 | N43: =SUM(I43:L43) -> 544770.29 | O43: =N43=G42 -> TRUE
A44: PERCENTUAL SIMPLES (%) | I44: =I43/G42 -> 0.24781318 | J44: =J43/G42 -> 0.15209963 | K44: =K43/G42 -> 0.26343625 | L44: =L43/G42 -> 0.33665094
A45: VALOR ACUMULADO (R$) | I45: =I43 -> 135001.26 | J45: =J43+I45 -> 217860.62 | K45: =K43+J45 -> 361372.86 | L45: =L43+K45 -> 544770.29
A46: PERENTUAL ACUMULADO (%) | I46: =I44 -> 0.24781318 | J46: =I46+J44 -> 0.39991281 | K46: =J46+K44 -> 0.66334906 | L46: =K46+L44 -> 1
O49: =L50*M49 -> 0 | P49: =O49/L49 -> #DIV/0!

Sheet Orçamento Sintético DESONERADO
D1: Obra | E1: Bancos | G1: B.D.I. | I1: Encargos Sociais
D2: CONTRATAÇÃO DE EMPRESA ESPECIALIZADA EM ENGENHARIA PARA EXECUÇÃO DE MURETAS PARA CONTENÇÃO E ISOLAMENTO DO RESERVATÓRIO DE ÁGUA DO POVOADO DE SÃO LOURENÇO, DISTRITO DE GOIANA/PE. | E2: SINAPI - 04/2026 - Pernambuco ORSE - 02/2026 - Sergipe SEINFRA - 028.1 - Ceará | G2: 22,07% | I2: Desonerado: embutido nos preços unitário dos insumos de mão de obra, de acordo com as bases.
A3: Orçamento Sintético Desonerado
A4: Item | B4: Código | C4: Banco | D4: Descrição | E4: Und | F4: Quant. | G4: Valor Unit | H4: Valor Unit com BDI | I4: Total | J4: Peso (%)
A5: 1 | D5: ADMINISTRAÇÃO LOCAL | F5: 1 | I5: =I6+I7 -> 40817.01
A6: 1.1 | B6: 90777 | C6: SINAPI | D6: ENGENHEIRO CIVIL DE OBRA JUNIOR COM ENCARGOS COMPLEMENTARES | E6: H | F6: 44.88 | G6: 131.69 | H6: 160.75 | I6: =TRUNC(H6*F6,2) -> 7214.46
A7: 1.2 | B7: 90776 | C7: SINAPI | D7: ENCARREGADO GERAL COM ENCARGOS COMPLEMENTARES | E7: H | F7: 672.32 | G7: 40.95 | H7: 49.98 | I7: =TRUNC(H7*F7,2) -> 33602.55
A8: 2 | D8: SERVIÇOS PRELIMINARES | I8: =SUM(I9:I20) -> 100528.03
A9: 2.1 | B9: 103689 | C9: SINAPI | D9: FORNECIMENTO E INSTALAÇÃO DE PLACA DE OBRA COM CHAPA GALVANIZADA E ESTRUTURA DE MADEIRA. AF_03/2022_PS | E9: m² | F9: 6 | G9: 499.92 | H9: 610.25 | I9: =TRUNC(H9*F9,2) -> 3661.5
A10: 2.2 | B10: 98525 | C10: SINAPI | D10: LIMPEZA MECANIZADA DE CAMADA VEGETAL, VEGETAÇÃO E PEQUENAS ÁRVORES (DIÂMETRO DE TRONCO MENOR QUE 0,20 M), COM TRATOR DE ESTEIRAS. AF_03/2024 | E10: m² | F10: 1041 | G10: 0.67 | H10: 0.81 | I10: =TRUNC(H10*F10,2) -> 843.21
A11: 2.3 | B11: 97622 | C11: SINAPI | D11: DEMOLIÇÃO DE ALVENARIA DE BLOCO FURADO, DE FORMA MANUAL, SEM REAPROVEITAMENTO. AF_09/2023 | E11: m³ | F11: 19.61 | G11: 60.46 | H11: 73.8 | I11: =TRUNC(H11*F11,2) -> 1447.21
A12: 2.4 | B12: 100981 | C12: SINAPI | D12: CARGA, MANOBRA E DESCARGA DE ENTULHO EM CAMINHÃO BASCULANTE 6 M³ - CARGA COM ESCAVADEIRA HIDRÁULICA (CAÇAMBA DE 0,80 M³ / 111 HP) E DESCARGA LIVRE (UNIDADE: M3). AF_02/2026 | E12: m³ | F12: 19.61 | G12: 10.11 | H12: 12.34 | I12: =TRUNC(H12*F12,2) -> 241.98
A13: 2.5 | B13: 90781 | C13: SINAPI | D13: TOPOGRAFO COM ENCARGOS COMPLEMENTARES | E13: H | F13: 176 | G13: 35.01 | H13: 42.73 | I13: =TRUNC(H13*F13,2) -> 7520.48
A14: 2.6 | B14: 88253 | C14: SINAPI | D14: AUXILIAR DE TOPÓGRAFO COM ENCARGOS COMPLEMENTARES | E14: H | F14: 176 | G14: 18.87 | H14: 23.03 | I14: =TRUNC(H14*F14,2) -> 4053.28
A15: 2.7 | B15: 99059 | C15: SINAPI | D15: LOCAÇÃO CONVENCIONAL DE OBRA, UTILIZANDO GABARITO DE TÁBUAS CORRIDAS PONTALETADAS A CADA 2,00M - 2 UTILIZAÇÕES. AF_03/2024 | E15: M | F15: 177.55 | G15: 69.52 | H15: 84.86 | I15: =TRUNC(H15*F15,2) -> 15066.89
A16: 2.8 | B16: 98459 | C16: SINAPI | D16: TAPUME COM TELHA METÁLICA. AF_03/2024 | E16: m² | F16: 339.13 | G16: 98.21 | H16: 119.88 | I16: =TRUNC(H16*F16,2) -> 40654.9
A17: 2.9 | B17: C0002 | C17: SEINFRA | D17: ABRIGO PROVISÓRIO C/1 PAVIMENTO P/ALOJAMENTO E DEPÓSITO | E17: m² | F17: 16 | G17: 1007.98 | H17: 1230.44 | I17: =TRUNC(H17*F17,2) -> 19687.04
A18: 2.10 | B18: C5208 | C18: SEINFRA | D18: LOCAÇÃO DE BANHEIRO QUÍMICO - INCLUSO TRANSPORTE, INSTALAÇÃO E MANUTENÇÃO | E18: UNXMÊS | F18: 4 | G18: 950 | H18: 1159.66 | I18: =TRUNC(H18*F18,2) -> 4638.64
A19: 2.11 | B19: C2850 | C19: SEINFRA | D19: INSTALAÇÕES PROVISÓRIAS DE LUZ , FORÇA,TELEFONE E LÓGICA | E19: UN | F19: 1 | G19: 1676.69 | H19: 2046.73 | I19: =TRUNC(H19*F19,2) -> 2046.73
A20: 2.12 | B20: C3442 | C20: SEINFRA | D20: CAIXA D´ÁGUA EM FYBERGLASS - CAP. 1000L | E20: UN | F20: 1 | G20: 545.73 | H20: 666.17 | I20: =TRUNC(H20*F20,2) -> 666.17
A21: 3 | D21: MURETA 1 | I21: =SUM(I22:I30) -> 45115.4
A22: 3.1 | B22: 96527 | C22: SINAPI | D22: ESCAVAÇÃO MANUAL PARA VIGA BALDRAME OU SAPATA CORRIDA (INCLUINDO ESCAVAÇÃO PARA COLOCAÇÃO DE FÔRMAS). AF_01/2024 | E22: m³ | F22: 25.99 | G22: 109.17 | H22: 133.26 | I22: =TRUNC(H22*F22,2) -> 3463.42
A23: 3.2 | B23: 96619 | C23: SINAPI | D23: LASTRO DE CONCRETO MAGRO, APLICADO EM BLOCOS DE COROAMENTO OU SAPATAS, ESPESSURA DE 5 CM. AF_01/2024 | E23: m² | F23: 13.2 | G23: 43.41 | H23: 52.99 | I23: =TRUNC(H23*F23,2) -> 699.46
A24: 3.3 | B24: 96532 | C24: SINAPI | D24: FABRICAÇÃO, MONTAGEM E DESMONTAGEM DE FÔRMA PARA SAPATA, EM MADEIRA SERRADA, E=25 MM, 2 UTILIZAÇÕES. AF_01/2024 | E24: m² | F24: 52.8 | G24: 194.49 | H24: 237.41 | I24: =TRUNC(H24*F24,2) -> 12535.24
A25: 3.4 | B25: 104916 | C25: SINAPI | D25: ARMAÇÃO DE SAPATA ISOLADA, VIGA BALDRAME E SAPATA CORRIDA UTILIZANDO AÇO CA-60 DE 5 MM - MONTAGEM. AF_01/2024 | E25: KG | F25: 80.26 | G25: 16.3 | H25: 19.89 | I25: =TRUNC(H25*F25,2) -> 1596.37
A26: 3.5 | B26: 104919 | C26: SINAPI | D26: ARMAÇÃO DE SAPATA ISOLADA, VIGA BALDRAME E SAPATA CORRIDA UTILIZANDO AÇO CA-50 DE 10 MM - MONTAGEM. AF_01/2024 | E26: KG | F26: 166.32 | G26: 12.18 | H26: 14.86 | I26: =TRUNC(H26*F26,2) -> 2471.51
A27: 3.6 | B27: 96557 | C27: SINAPI | D27: CONCRETAGEM DE BLOCO DE COROAMENTO OU VIGA BALDRAME, FCK 30 MPA, COM USO DE BOMBA - LANÇAMENTO, ADENSAMENTO E ACABAMENTO. AF_01/2024 | E27: m³ | F27: 5.28 | G27: 799.24 | H27: 975.63 | I27: =TRUNC(H27*F27,2) -> 5151.32
A28: 3.7 | B28: 98557 | C28: SINAPI | D28: IMPERMEABILIZAÇÃO DE SUPERFÍCIE COM EMULSÃO ASFÁLTICA, 2 DEMÃOS. AF_09/2023 | E28: m² | F28: 66 | G28: 46.1 | H28: 56.27 | I28: =TRUNC(H28*F28,2) -> 3713.82
A29: 3.8 | B29: 102362 | C29: SINAPI | D29: ALAMBRADO PARA QUADRA POLIESPORTIVA, ESTRUTURADO POR TUBOS DE AÇO GALVANIZADO, (MONTANTES COM DIÂMETRO 2", TRAVESSAS E ESCORAS COM DIÂMETRO 1 ¼"), COM TELA DE ARAME GALVANIZADO, FIO 14 BWG E MALHA QUADRADA 5X5CM (EXCETO MURETA). AF_12/2025 | E29: m² | F29: 66 | G29: 140.45 | H29: 171.44 | I29: =TRUNC(H29*F29,2) -> 11315.04
A30: 3.9 | B30: 89470 | C30: SINAPI | D30: ALVENARIA DE BLOCOS DE CONCRETO ESTRUTURAL 14X19X39 CM (ESPESSURA 14 CM), FBK = 4,5 MPA, UTILIZANDO COLHER DE PEDREIRO. AF_10/2022 | E30: m² | F30: 33 | G30: 103.5 | H30: 126.34 | I30: =TRUNC(H30*F30,2) -> 4169.22
A31: 4 | D31: MURETA 2 | I31: =SUM(I32:I41) -> 25642.72
A32: 4.1 | B32: 96527 | C32: SINAPI | D32: ESCAVAÇÃO MANUAL PARA VIGA BALDRAME OU SAPATA CORRIDA (INCLUINDO ESCAVAÇÃO PARA COLOCAÇÃO DE FÔRMAS). AF_01/2024 | E32: m³ | F32: 14.38 | G32: 109.17 | H32: 133.26 | I32: =TRUNC(H32*F32,2) -> 1916.27
A33: 4.2 | B33: 96619 | C33: SINAPI | D33: LASTRO DE CONCRETO MAGRO, APLICADO EM BLOCOS DE COROAMENTO OU SAPATAS, ESPESSURA DE 5 CM. AF_01/2024 | E33: m² | F33: 7.3 | G33: 43.41 | H33: 52.99 | I33: =TRUNC(H33*F33,2) -> 386.82
A34: 4.3 | B34: 96532 | C34: SINAPI | D34: FABRICAÇÃO, MONTAGEM E DESMONTAGEM DE FÔRMA PARA SAPATA, EM MADEIRA SERRADA, E=25 MM, 2 UTILIZAÇÕES. AF_01/2024 | E34: m² | F34: 29.2 | G34: 194.49 | H34: 237.41 | I34: =TRUNC(H34*F34,2) -> 6932.37
A35: 4.4 | B35: 104916 | C35: SINAPI | D35: ARMAÇÃO DE SAPATA ISOLADA, VIGA BALDRAME E SAPATA CORRIDA UTILIZANDO AÇO CA-60 DE 5 MM - MONTAGEM. AF_01/2024 | E35: KG | F35: 44.38 | G35: 16.3 | H35: 19.89 | I35: =TRUNC(H35*F35,2) -> 882.71
A36: 4.5 | B36: 104919 | C36: SINAPI | D36: ARMAÇÃO DE SAPATA ISOLADA, VIGA BALDRAME E SAPATA CORRIDA UTILIZANDO AÇO CA-50 DE 10 MM - MONTAGEM. AF_01/2024 | E36: KG | F36: 91.98 | G36: 12.18 | H36: 14.86 | I36: =TRUNC(H36*F36,2) -> 1366.82
A37: 4.6 | B37: 96557 | C37: SINAPI | D37: CONCRETAGEM DE BLOCO DE COROAMENTO OU VIGA BALDRAME, FCK 30 MPA, COM USO DE BOMBA - LANÇAMENTO, ADENSAMENTO E ACABAMENTO. AF_01/2024 | E37: m³ | F37: 2.92 | G37: 799.24 | H37: 975.63 | I37: =TRUNC(H37*F37,2) -> 2848.83
A38: 4.7 | B38: 98557 | C38: SINAPI | D38: IMPERMEABILIZAÇÃO DE SUPERFÍCIE COM EMULSÃO ASFÁLTICA, 2 DEMÃOS. AF_09/2023 | E38: m² | F38: 36.5 | G38: 46.1 | H38: 56.27 | I38: =TRUNC(H38*F38,2) -> 2053.85
A39: 4.8 | B39: 102362 | C39: SINAPI | D39: ALAMBRADO PARA QUADRA POLIESPORTIVA, ESTRUTURADO POR TUBOS DE AÇO GALVANIZADO, (MONTANTES COM DIÂMETRO 2", TRAVESSAS E ESCORAS COM DIÂMETRO 1 ¼"), COM TELA DE ARAME GALVANIZADO, FIO 14 BWG E MALHA QUADRADA 5X5CM (EXCETO MURETA). AF_12/2025 | E39: m² | F39: 36.5 | G39: 140.45 | H39: 171.44 | I39: =TRUNC(H39*F39,2) -> 6257.56
A40: 4.9 | B40: 89470 | C40: SINAPI | D40: ALVENARIA DE BLOCOS DE CONCRETO ESTRUTURAL 14X19X39 CM (ESPESSURA 14 CM), FBK = 4,5 MPA, UTILIZANDO COLHER DE PEDREIRO. AF_10/2022 | E40: m² | F40: 18.25 | G40: 103.5 | H40: 126.34 | I40: =TRUNC(H40*F40,2) -> 2305.7
A41: 4.10 | B41: 106458 | C41: SINAPI | D41: CERCA COM MOURÕES DE CONCRETO, RETO, H=3,00 M, ESPAÇAMENTO DE 2,5 M, CRAVADOS 0,5 M, COM 4 FIOS DE ARAME FARPADO Nº 14 OU 16 CLASSE 250 - FORNECIMENTO E INSTALAÇÃO. AF_12/2025 | E41: M | F41: 9.5 | G41: 59.66 | H41: 72.82 | I41: =TRUNC(H41*F41,2) -> 691.79
A42: 5 | D42: MURETA 3 | I42: =SUM(I43:I55) -> 147864.17
A43: 5.1 | B43: 96527 | C43: SINAPI | D43: ESCAVAÇÃO MANUAL PARA VIGA BALDRAME OU SAPATA CORRIDA (INCLUINDO ESCAVAÇÃO PARA COLOCAÇÃO DE FÔRMAS). AF_01/2024 | E43: m³ | F43: 127.15 | G43: 109.17 | H43: 133.26 | I43: =TRUNC(H43*F43,2) -> 16944
A44: 5.2 | B44: 96619 | C44: SINAPI | D44: LASTRO DE CONCRETO MAGRO, APLICADO EM BLOCOS DE COROAMENTO OU SAPATAS, ESPESSURA DE 5 CM. AF_01/2024 | E44: m² | F44: 136.2 | G44: 43.41 | H44: 52.99 | I44: =TRUNC(H44*F44,2) -> 7217.23
A45: 5.3 | B45: 96532 | C45: SINAPI | D45: FABRICAÇÃO, MONTAGEM E DESMONTAGEM DE FÔRMA PARA SAPATA, EM MADEIRA SERRADA, E=25 MM, 2 UTILIZAÇÕES. AF_01/2024 | E45: m² | F45: 114.84 | G45: 194.49 | H45: 237.41 | I45: =TRUNC(H45*F45,2) -> 27264.16
A46: 5.4 | B46: 104916 | C46: SINAPI | D46: ARMAÇÃO DE SAPATA ISOLADA, VIGA BALDRAME E SAPATA CORRIDA UTILIZANDO AÇO CA-60 DE 5 MM - MONTAGEM. AF_01/2024 | E46: KG | F46: 58.19 | G46: 16.3 | H46: 19.89 | I46: =TRUNC(H46*F46,2) -> 1157.39
A47: 5.5 | B47: 104919 | C47: SINAPI | D47: ARMAÇÃO DE SAPATA ISOLADA, VIGA BALDRAME E SAPATA CORRIDA UTILIZANDO AÇO CA-50 DE 10 MM - MONTAGEM. AF_01/2024 | E47: KG | F47: 165 | G47: 12.18 | H47: 14.86 | I47: =TRUNC(H47*F47,2) -> 2451.9
A48: 5.6 | B48: 104924 | C48: SINAPI | D48: CONCRETAGEM DE SAPATA CORRIDA, FCK 30 MPA, COM USO DE BOMBA - LANÇAMENTO, ADENSAMENTO E ACABAMENTO. AF_01/2024 | E48: m³ | F48: 57.42 | G48: 824.92 | H48: 1006.97 | I48: =TRUNC(H48*F48,2) -> 57820.21
A49: 5.7 | B49: 98557 | C49: SINAPI | D49: IMPERMEABILIZAÇÃO DE SUPERFÍCIE COM EMULSÃO ASFÁLTICA, 2 DEMÃOS. AF_09/2023 | E49: m² | F49: 162.69 | G49: 46.1 | H49: 56.27 | I49: =TRUNC(H49*F49,2) -> 9154.56
A50: 5.8 | B50: 97102 | C50: SINAPI | D50: EXECUÇÃO DE RADIER, ESPESSURA DE 15 CM, FCK = 30 MPA, COM USO DE FORMAS EM MADEIRA SERRADA. AF_09/2021 | E50: m² | F50: 14.44 | G50: 225.63 | H50: 275.42 | I50: =TRUNC(H50*F50,2) -> 3977.06
A51: 5.9 | B51: 92411 | C51: SINAPI | D51: MONTAGEM E DESMONTAGEM DE FÔRMA DE PILARES RETANGULARES E ESTRUTURAS SIMILARES, PÉ-DIREITO SIMPLES, EM MADEIRA SERRADA, 2 UTILIZAÇÕES. AF_09/2020 | E51: m² | F51: 54.9 | G51: 178.99 | H51: 218.49 | I51: =TRUNC(H51*F51,2) -> 11995.1
A52: 5.10 | B52: 92759 | C52: SINAPI | D52: ARMAÇÃO DE PILAR OU VIGA DE ESTRUTURA CONVENCIONAL DE CONCRETO ARMADO UTILIZANDO AÇO CA-60 DE 5,0 MM - MONTAGEM. AF_06/2022 | E52: KG | F52: 55.63 | G52: 13.61 | H52: 16.61 | I52: =TRUNC(H52*F52,2) -> 924.01
A53: 5.11 | B53: 92763 | C53: SINAPI | D53: ARMAÇÃO DE PILAR OU VIGA DE ESTRUTURA CONVENCIONAL DE CONCRETO ARMADO UTILIZANDO AÇO CA-50 DE 12,5 MM - MONTAGEM. AF_06/2022 | E53: KG | F53: 266.78 | G53: 8.75 | H53: 10.68 | I53: =TRUNC(H53*F53,2) -> 2849.21
A54: 5.12 | B54: 103672 | C54: SINAPI | D54: CONCRETAGEM DE PILARES, FCK = 25 MPA, COM USO DE BOMBA - LANÇAMENTO, ADENSAMENTO E ACABAMENTO. AF_02/2022_PS | E54: m³ | F54: 5.07 | G54: 720.58 | H54: 879.61 | I54: =TRUNC(H54*F54,2) -> 4459.62
A55: 5.13 | B55: 96558 | C55: SINAPI | D55: CONCRETAGEM DE SAPATA, FCK 30 MPA, COM USO DE BOMBA - LANÇAMENTO, ADENSAMENTO E ACABAMENTO. AF_01/2024 | E55: m³ | F55: 1.62 | G55: 834.24 | H55: 1018.35 | I55: =TRUNC(H55*F55,2) -> 1649.72
A56: 6 | D56: LAJE - CASA DE MÁQUINA - MURETA 3 | I56: =SUM(I57:I60) -> 9976.61
A57: 6.1 | B57: 101964 | C57: SINAPI | D57: LAJE PRÉ-MOLDADA UNIDIRECIONAL, BIAPOIADA, PARA FORRO, ENCHIMENTO EM CERÂMICA, VIGOTA CONVENCIONAL, ALTURA TOTAL DA LAJE "LT" = 12 CM (ENCHIMENTO+CAPA) = (8+4). AF_08/2025 | E57: m² | F57: 21.16 | G57: 187.94 | H57: 229.41 | I57: =TRUNC(H57*F57,2) -> 4854.31
A58: 6.2 | B58: 98546 | C58: SINAPI | D58: IMPERMEABILIZAÇÃO DE SUPERFÍCIE COM MANTA ASFÁLTICA, UMA CAMADA, INCLUSIVE APLICAÇÃO DE PRIMER ASFÁLTICO, E=4MM. AF_09/2023 | E58: m² | F58: 21.16 | G58: 123.22 | H58: 150.41 | I58: =TRUNC(H58*F58,2) -> 3182.67
A59: 6.3 | B59: 98565 | C59: SINAPI | D59: PROTEÇÃO MECÂNICA DE SUPERFICIE HORIZONTAL COM ARGAMASSA DE CIMENTO E AREIA, TRAÇO 1:3, E=3CM. AF_09/2023 | E59: m² | F59: 21.16 | G59: 58.17 | H59: 71 | I59: =TRUNC(H59*F59,2) -> 1502.36
A60: 6.4 | B60: 94228 | C60: SINAPI | D60: CALHA EM CHAPA DE AÇO GALVANIZADO NÚMERO 24, DESENVOLVIMENTO DE 50 CM, INCLUSO TRANSPORTE VERTICAL. AF_07/2019 | E60: M | F60: 4.6 | G60: 77.88 | H60: 95.06 | I60: =TRUNC(H60*F60,2) -> 437.27
A61: 7 | D61: ALVENARIA - MURETA 3 E CASA DE MÁQUINAS | I61: =SUM(I62:I66) -> 53522.8
A62: 7.1 | B62: 89470 | C62: SINAPI | D62: ALVENARIA DE BLOCOS DE CONCRETO ESTRUTURAL 14X19X39 CM (ESPESSURA 14 CM), FBK = 4,5 MPA, UTILIZANDO COLHER DE PEDREIRO. AF_10/2022 | E62: m² | F62: 169.57 | G62: 103.5 | H62: 126.34 | I62: =TRUNC(H62*F62,2) -> 21423.47
A63: 7.2 | B63: 93184 | C63: SINAPI | D63: VERGA PRÉ-MOLDADA COM ATÉ 1,5 M DE VÃO, ESPESSURA DE *20* CM. AF_03/2024 | E63: M | F63: 3.36 | G63: 30.87 | H63: 37.68 | I63: =TRUNC(H63*F63,2) -> 126.6
A64: 7.3 | B64: 93194 | C64: SINAPI | D64: CONTRAVERGA PRÉ-MOLDADA, ESPESSURA DE *20* CM. AF_03/2024 | E64: M | F64: 3.36 | G64: 30.06 | H64: 36.69 | I64: =TRUNC(H64*F64,2) -> 123.27
A65: 7.4 | B65: 98557 | C65: SINAPI | D65: IMPERMEABILIZAÇÃO DE SUPERFÍCIE COM EMULSÃO ASFÁLTICA, 2 DEMÃOS. AF_09/2023 | E65: m² | F65: 424.11 | G65: 46.1 | H65: 56.27 | I65: =TRUNC(H65*F65,2) -> 23864.66
A66: 7.5 | B66: 105033 | C66: SINAPI | D66: CINTA DE AMARRAÇÃO DE ALVENARIA MOLDADA IN LOCO COM UTILIZAÇÃO DE BLOCOS CANALETA, ESPESSURA DE *15* CM. AF_03/2024 | E66: M | F66: 110.9 | G66: 58.99 | H66: 72 | I66: =TRUNC(H66*F66,2) -> 7984.8
A67: 8 | D67: PISO - CASA DE MÁQUINA | I67: =I68+I69 -> 6779.43
A68: 8.1 | B68: 87692 | C68: SINAPI | D68: CONTRAPISO EM ARGAMASSA TRAÇO 1:4 (CIMENTO E AREIA), PREPARO MANUAL, APLICADO EM ÁREAS SECAS SOBRE LAJE, NÃO ADERIDO, ACABAMENTO NÃO REFORÇADO, ESPESSURA 5CM. AF_07/2021 | E68: m² | F68: 73.35 | G68: 62.44 | H68: 76.22 | I68: =TRUNC(H68*F68,2) -> 5590.73
A69: 8.2 | B69: 87257 | C69: SINAPI | D69: REVESTIMENTO CERÂMICO PARA PISO COM PLACAS TIPO ESMALTADA DE DIMENSÕES 60X60 CM APLICADA EM AMBIENTES DE ÁREA MAIOR QUE 10 M2. AF_02/2023_PE | E69: m² | F69: 14.44 | G69: 67.44 | H69: 82.32 | I69: =TRUNC(H69*F69,2) -> 1188.7
A70: 9 | D70: ESQUADRIAS - CASA DE MÁQUINA | I70: =SUM(I71:I75) -> 4397.18
A71: 9.1 | B71: 100674 | C71: SINAPI | D71: CAIXILHO FIXO DE ALUMÍNIO PARA VIDRO (VIDRO INCLUSO), BATENTE/ REQUADRO DE 4 A 14 CM, SEM GUARNIÇÃO/ ALIZAR, FIXAÇÃO COM PARAFUSOS, VEDAÇÃO COM SILICONE, EXCLUSIVE CONTRAMARCO - FORNECIMENTO E INSTALAÇÃO. AF_11/2024 | E71: m² | F71: 0.48 | G71: 614.23 | H71: 749.79 | I71: =TRUNC(H71*F71,2) -> 359.89
A72: 9.2 | B72: 105812 | C72: SINAPI | D72: GUARNIÇÃO DE ALUMÍNIO. AF_11/2024 | E72: M | F72: 6.4 | G72: 24.54 | H72: 29.95 | I72: =TRUNC(H72*F72,2) -> 191.68
A73: 9.3 | B73: 91341 | C73: SINAPI | D73: PORTA EM ALUMÍNIO DE ABRIR TIPO VENEZIANA COM GUARNIÇÃO, FIXAÇÃO COM PARAFUSOS - FORNECIMENTO E INSTALAÇÃO. AF_10/2025 | E73: m² | F73: 1.72 | G73: 536.06 | H73: 654.36 | I73: =TRUNC(H73*F73,2) -> 1125.49
A74: 9.4 | B74: 100701 | C74: SINAPI | D74: PORTA DE FERRO, DE ABRIR, TIPO GRADE COM CHAPA, COM GUARNIÇÕES. AF_10/2025 | E74: m² | F74: 2.4 | G74: 685.58 | H74: 836.88 | I74: =TRUNC(H74*F74,2) -> 2008.51
A75: 9.5 | B75: 99862 | C75: SINAPI | D75: GRADIL EM ALUMÍNIO FIXADO EM VÃOS DE JANELAS, FORMADO POR TUBOS DE 3/4". AF_10/2025 | E75: m² | F75: 1.28 | G75: 455.44 | H75: 555.95 | I75: =TRUNC(H75*F75,2) -> 711.61
A76: 10 | D76: INSTALAÇÕES ELÉTRICAS - CASA DE MÁQUINA | I76: =SUM(I77:I99) -> 29689.94
A77: 10.1 | B77: 92006 | C77: SINAPI | D77: TOMADA BAIXA DE EMBUTIR (2 MÓDULOS), 2P+T 10 A, SEM SUPORTE E SEM PLACA - FORNECIMENTO E INSTALAÇÃO. AF_03/2023 | E77: UN | F77: 1 | G77: 35.25 | H77: 43.02 | I77: =TRUNC(H77*F77,2) -> 43.02
A78: 10.2 | B78: 91953 | C78: SINAPI | D78: INTERRUPTOR SIMPLES (1 MÓDULO), 10A/250V, INCLUINDO SUPORTE E PLACA - FORNECIMENTO E INSTALAÇÃO. AF_03/2023 | E78: UN | F78: 1 | G78: 28.41 | H78: 34.68 | I78: =TRUNC(H78*F78,2) -> 34.68
A79: 10.3 | B79: 103782 | C79: SINAPI | D79: LUMINÁRIA TIPO PLAFON CIRCULAR, DE SOBREPOR, COM LED DE 12/13 W - FORNECIMENTO E INSTALAÇÃO. AF_09/2024 | E79: UN | F79: 2 | G79: 33.37 | H79: 40.73 | I79: =TRUNC(H79*F79,2) -> 81.46
A80: 10.4 | B80: 91941 | C80: SINAPI | D80: CAIXA RETANGULAR 4" X 2" BAIXA (0,30 M DO PISO), PVC, INSTALADA EM PAREDE - FORNECIMENTO E INSTALAÇÃO. AF_03/2023 | E80: UN | F80: 2 | G80: 12.47 | H80: 15.22 | I80: =TRUNC(H80*F80,2) -> 30.44
A81: 10.5 | B81: 91940 | C81: SINAPI | D81: CAIXA RETANGULAR 4" X 2" MÉDIA (1,30 M DO PISO), PVC, INSTALADA EM PAREDE - FORNECIMENTO E INSTALAÇÃO. AF_03/2023 | E81: UN | F81: 1 | G81: 19.2 | H81: 23.43 | I81: =TRUNC(H81*F81,2) -> 23.43
A82: 10.6 | B82: 91936 | C82: SINAPI | D82: CAIXA OCTOGONAL 4" X 4", PVC, INSTALADA EM LAJE - FORNECIMENTO E INSTALAÇÃO. AF_03/2023 | E82: UN | F82: 2 | G82: 19.76 | H82: 24.12 | I82: =TRUNC(H82*F82,2) -> 48.24
A83: 10.7 | B83: C2067 | C83: SEINFRA | D83: QUADRO DE DISTRIBUIÇÃO DE LUZ EMBUTIR ATÉ 12 DIVISÕES 207X332X95mm, C/BARRAMENTO | E83: UN | F83: 1 | G83: 314.31 | H83: 383.67 | I83: =TRUNC(H83*F83,2) -> 383.67
A84: 10.8 | B84: 96986 | C84: SINAPI | D84: HASTE DE ATERRAMENTO, DIÂMETRO 3/4", COM 3 METROS - FORNECIMENTO E INSTALAÇÃO. AF_08/2023 | E84: UN | F84: 2 | G84: 163.06 | H84: 199.04 | I84: =TRUNC(H84*F84,2) -> 398.08
A85: 10.9 | B85: 91924 | C85: SINAPI | D85: CABO DE COBRE FLEXÍVEL ISOLADO, 1,5 MM², ANTI-CHAMA 450/750 V, PARA CIRCUITOS TERMINAIS - FORNECIMENTO E INSTALAÇÃO. AF_03/2023 | E85: M | F85: 21 | G85: 3.48 | H85: 4.24 | I85: =TRUNC(H85*F85,2) -> 89.04
A86: 10.10 | B86: 91926 | C86: SINAPI | D86: CABO DE COBRE FLEXÍVEL ISOLADO, 2,5 MM², ANTI-CHAMA 450/750 V, PARA CIRCUITOS TERMINAIS - FORNECIMENTO E INSTALAÇÃO. AF_03/2023 | E86: M | F86: 20 | G86: 5.1 | H86: 6.22 | I86: =TRUNC(H86*F86,2) -> 124.4
A87: 10.11 | B87: 91928 | C87: SINAPI | D87: CABO DE COBRE FLEXÍVEL ISOLADO, 4 MM², ANTI-CHAMA 450/750 V, PARA CIRCUITOS TERMINAIS - FORNECIMENTO E INSTALAÇÃO. AF_03/2023 | E87: M | F87: 39 | G87: 7.92 | H87: 9.66 | I87: =TRUNC(H87*F87,2) -> 376.74
A88: 10.12 | B88: 91931 | C88: SINAPI | D88: CABO DE COBRE FLEXÍVEL ISOLADO, 6 MM², ANTI-CHAMA 0,6/1,0 KV, PARA CIRCUITOS TERMINAIS - FORNECIMENTO E INSTALAÇÃO. AF_03/2023 | E88: M | F88: 40 | G88: 12.04 | H88: 14.69 | I88: =TRUNC(H88*F88,2) -> 587.6
... A99: 10.23 | B99: 100623 | C99: SINAPI | D99: POSTE DE AÇO CÔNICO CONTÍNUO CURVO DUPLO, ENGASTAMENTO SIMPLES COM 1 M DE SOLO, H=9M - FORNECIMENTO E INSTALAÇÃO. AF_04/2025 | E99: UN | F99: 7 | G99: 2570.13 | H99: 3137.35 | I99: =TRUNC(H99*F99,2) -> 21961.45
A100: 11 | D100: INSTALAÇÕES HIDRÁULICAS - CASA DE MÁQUINA | I100: =SUM(I101:I134) -> 64279.5
A101: 11.1 | B101: 94715 | C101: SINAPI | D101: ADAPTADOR COM FLANGES LIVRES, PVC, SOLDÁVEL, DN 110 MM X 4", INSTALADO EM RESERVAÇÃO PREDIAL DE ÁGUA - FORNECIMENTO E INSTALAÇÃO. AF_04/2024 | E101: UN | F101: 10 | G101: 290.42 | H101: 354.51 | I101: =TRUNC(H101*F101,2) -> 3545.1
A102: 11.2 | B102: 89389 | C102: SINAPI | D102: LUVA SOLDÁVEL E COM ROSCA, PVC, SOLDÁVEL, DN 32MM X 1, INSTALADO EM RAMAL OU SUB-RAMAL DE ÁGUA - FORNECIMENTO E INSTALAÇÃO. AF_06/2022 | E102: UN | F102: 2 | G102: 11.58 | H102: 14.13 | I102: =TRUNC(H102*F102,2) -> 28.26
A103: 11.3 | B103: 103991 | C103: SINAPI | D103: LUVA COM ROSCA, PVC, SOLDÁVEL, DN 40MM X 1.1/4", INSTALADO EM RAMAL DE DISTRIBUIÇÃO DE ÁGUA - FORNECIMENTO E INSTALAÇÃO. AF_06/2022 | E103: UN | F103: 4 | G103: 18.22 | H103: 22.24 | I103: =TRUNC(H103*F103,2) -> 88.96
A104: 11.4 | B104: 89562 | C104: SINAPI | D104: LUVA DE REDUÇÃO, PVC, SOLDÁVEL, DN 40MM X 32MM, INSTALADO EM PRUMADA DE ÁGUA - FORNECIMENTO E INSTALAÇÃO. AF_06/2022 | E104: UN | F104: 1 | G104: 10.3 | H104: 12.57 | I104: =TRUNC(H104*F104,2) -> 12.57
A105: 11.5 | B105: 103993 | C105: SINAPI | D105: BUCHA DE REDUÇÃO, PVC, SOLDÁVEL, DN 40MM X 32MM, INSTALADO EM RAMAL DE DISTRIBUIÇÃO DE ÁGUA - FORNECIMENTO E INSTALAÇÃO. AF_06/2022 | E105: UN | F105: 4 | G105: 9.91 | H105: 12.09 | I105: =TRUNC(H105*F105,2) -> 48.36
A106: 11.6 | B106: 1074 | C106: ORSE | D106: Bucha de redução curta de pvc rígido soldável, marrom, diâm = 50 x 40mm | E106: un | F106: 2 | G106: 11.97 | H106: 14.61 | I106: =TRUNC(H106*F106,2) -> 29.22
A107: 11.7 | B107: 89549 | C107: SINAPI | D107: REDUÇÃO EXCÊNTRICA, PVC, SERIE R, ÁGUA PLUVIAL, DN 75 X 50 MM, JUNTA ELÁSTICA, FORNECIDO E INSTALADO EM RAMAL DE ENCAMINHAMENTO. AF_06/2022 | E107: UN | F107: 1 | G107: 18.21 | H107: 22.22 | I107: =TRUNC(H107*F107,2) -> 22.22
A108: 11.8 | B108: C2402 | C108: SEINFRA | D108: TE REDUCAO PVC SOLDAVEL DE 110X75MM PARA AGUA FRIA | E108: UN | F108: 1 | G108: 195.9 | H108: 239.13 | I108: =TRUNC(H108*F108,2) -> 239.13
A109: 11.9 | B109: C0499 | C109: SEINFRA | D109: BUCHA REDUÇÃO PVC ROSC. D=2 1/2"X1 1/4" (75X40mm) | E109: UN | F109: 1 | G109: 33.99 | H109: 41.49 | I109: =TRUNC(H109*F109,2) -> 41.49
A110: 11.10 | B110: C2143 | C110: SEINFRA | D110: REDUÇÃO EXCÊNTRICA PVC BRANCO REFORÇADO D=100X75mm (4"X3") | E110: UN | F110: 1 | G110: 24.85 | H110: 30.33 | I110: =TRUNC(H110*F110,2) -> 30.33
...

Sheet BDI DESONERADO
D1: Obra | E1: Bancos | F1: B.D.I. | I1: Encargos Sociais
D2: CONTRATAÇÃO DE EMPRESA ESPECIALIZADA EM ENGENHARIA PARA EXECUÇÃO DE MURETAS PARA CONTENÇÃO E ISOLAMENTO DO RESERVATÓRIO DE ÁGUA DO POVOADO DE SÃO LOURENÇO, DISTRITO DE GOIANA/PE. | E2: SINAPI - 04/2026 - Pernambuco ORSE - 02/2026 - Sergipe SEINFRA - 028.1 - Ceará | F2: 22,07% | I2: Desonerado: embutido nos preços unitário dos insumos de mão de obra, de acordo com as bases.
A3: BDI - BDI ATUALIZADO 2026 DESONERADO
A4: GRUPO A | B4: TAXA ADMINISTRATIVA DA ADMINISTRAÇÃO CENTRAL
A5: 1 | B5: Administração Central | L5: 3,00%
B6: Total do Grupo | L6: 3,00%
A7: GRUPO B | B7: TAXA REPRESENTATIVA DOS RISCOS
A8: 1 | B8: Riscos | L8: 0,97%
B9: Total do Grupo | L9: 0,97%
A10: GRUPO C | B10: TAXA REPRESENTATIVA SEGURO GARANTIA
A11: 1 | B11: Risco | L11: 0,80%
B12: Total do Grupo | L12: 0,80%
A13: GRUPO D | B13: TAXA REPRESENTATIVA DAS DESPESAS FINANCEIRAS
A14: 1 | B14: Despesas Financeiras | L14: 0,59%
B15: Total do Grupo | L15: 0,59%
A16: GRUPO E | B16: TAXA REPRESENTATIVA DO LUCRO
A17: 1 | B17: Lucro | L17: 6,16%
B18: Total do Grupo | L18: 6,16%
A19: GRUPO F | B19: TAXA REPRESENTATIVA DA INCIDÊNCIA DOS IMPOSTOS ( SOBRE O FATURAMENTO DA EMPRESA )
A20: 1 | B20: ISS (IMPOSTO SOBRE SERVIÇOS) - MUNICIPAL | L20: 2,00%
A21: 2 | B21: COFINS - FEDERAL | L21: 3,00%
A22: 3 | B22: PIS (PROGRAMA DE INTREGRAÇÃO SOCIAL) - FEDERAL | L22: 0,65%
A23: 4 | B23: CRB -CONTRIBUIÇÂO INSS (DESONERAÇÂO) | L23: 2,70%
B24: Total do Grupo | L24: 8,35%
A26: FÓRMULA PARA O CÁLCULO DO BDI | I26: (((1+A+B+C)*(1+D)*(1+E)/(1-F))-1)
A28: Bonificação sobre despesas indiretas (B.D.I)= | L28: 22,07%
